Workbook

Sheet PROJECT SUMMARY
A3: PROJECT COST SUMMARY | E3: EXCLUDING LOWER LEVEL FINISH
A5: PROJECT | C5: CROCKETT | L5: LOWER LEVEL | M5: 0
A6: PM | C6: Grady | L6: MAIN LEVEL | M6: 2960
A7: LOCATION | C7: 1702 S 150th Ave.; Omaha, NE 68144 | L7: UPPER LEVEL | M7: 1661
A8: DATE | C8: 46254 | L8: TOTAL FINISHED SF | M8: =SUM(M5:M7) -> 4621
A9: LOT # | C9: 22 Heartwood Estates | L9: GARAGE | M9: 1121
A10: ZONING | L10: LOWER UNFINISHED | M10: 2784
L11: UPPER UNFINISHED | M11: 577
L12: COVERED PATIO | M12: 624
L13: TOTAL SF UNDER ROOF | M13: =SUM(M8:M12) -> 9727
A15: PHASE | C15: DESCRIPTION | E15: ALLOW. | F15: LABOR | G15: MATERIAL | H15: OTHER | I15: SUBCONT. | K15: DIVISION | L15: FINISHED COST/SF | M15: UNDER ROOF
A16: 1 | C16: GENERAL REQUIREMENTS | I16: TOTAL | K16: =SUM(K17:K33) -> 192211.66 | L16: =IFERROR(K16/M$8,"$0") -> 41.595252 | M16: =IFERROR(K16/M$13,"$0") -> 19.760631
A17: 01.120 | C17: Superintendent | E17: 0 | F17: ='DIV 1 GC'!J6 -> 89775 | G17: 0 | H17: 0 | I17: 0 | K17: =SUM(E17:I17) -> 89775 | L17: =IFERROR(K17/M$8,"$0") -> 19.427613 | M17: =IFERROR(K17/M$13,"$0") -> 9.2294644
A18: 01.170 | C18: Travel/Pickup/Deliveries | E18: 0 | F18: 2500 | G18: 0 | H18: 0 | I18: 0 | K18: =SUM(E18:I18) -> 2500 | L18: =IFERROR(K18/M$8,"$0") -> 0.54100844 | M18: =IFERROR(K18/M$13,"$0") -> 0.25701655
A19: 01.205 | C19: MUD Fees | E19: 0 | F19: 0 | G19: 0 | H19: ='DIV 1 GC'!G16 -> 4687 | I19: 0 | K19: =SUM(E19:I19) -> 4687 | L19: =IFERROR(K19/M$8,"$0") -> 1.0142826 | M19: =IFERROR(K19/M$13,"$0") -> 0.48185463
A20: 01.214 | C20: Bldg. Permit | E20: 0 | F20: 0 | G20: 0 | H20: 14170.46 | I20: 0 | K20: =SUM(E20:I20) -> 14170.46 | L20: =IFERROR(K20/M$8,"$0") -> 3.0665354 | M20: =IFERROR(K20/M$13,"$0") -> 1.4568171
A21: 01.230 | C21: Builders Risk | E21: 0 | F21: 0 | G21: 0 | H21: ='DIV 1 GC'!J60 -> 4608 | I21: 0 | K21: =SUM(E21:I21) -> 4608 | L21: =IFERROR(K21/M$8,"$0") -> 0.99718676 | M21: =IFERROR(K21/M$13,"$0") -> 0.47373291
A22: 01.235 | C22: General Liability | E22: 0 | F22: 0 | G22: 0 | H22: ='DIV 1 GC'!J69 -> 8864 | I22: 0 | K22: =SUM(E22:I22) -> 8864 | L22: =IFERROR(K22/M$8,"$0") -> 1.9181995 | M22: =IFERROR(K22/M$13,"$0") -> 0.91127789
A23: 01.452 | C23: Testing/Inspections | E23: 0 | F23: 0 | G23: 0 | H23: 0 | I23: 0 | K23: =SUM(E23:I23) -> 0 | L23: =IFERROR(K23/M$8,"$0") -> 0 | M23: =IFERROR(K23/M$13,"$0") -> 0
A24: 01.454 | C24: Mockups | E24: 1500 | F24: 0 | G24: 0 | H24: 0 | I24: 0 | K24: =SUM(E24:I24) -> 1500 | L24: =IFERROR(K24/M$8,"$0") -> 0.32460506 | M24: =IFERROR(K24/M$13,"$0") -> 0.15420993
A25: 01.501 | C25: Temporary Utilities | E25: 0 | F25: 0 | G25: 0 | H25: ='DIV 1 GC'!J89 -> 7597.2 | I25: 0 | K25: =SUM(E25:I25) -> 7597.2 | L25: =IFERROR(K25/M$8,"$0") -> 1.6440597 | M25: =IFERROR(K25/M$13,"$0") -> 0.78104246
A26: 01.538 | C26: Technology / prints | E26: 0 | F26: 0 | G26: 0 | H26: 1500 | I26: 0 | K26: =SUM(E26:I26) -> 1500 | L26: =IFERROR(K26/M$8,"$0") -> 0.32460506 | M26: =IFERROR(K26/M$13,"$0") -> 0.15420993
A27: 01.540 | C27: Equipment (Forklift/Skid Loader) | E27: 0 | F27: 0 | G27: 0 | H27: 2250 | I27: 0 | K27: =SUM(E27:I27) -> 2250 | L27: =IFERROR(K27/M$8,"$0") -> 0.4869076 | M27: =IFERROR(K27/M$13,"$0") -> 0.2313149
A28: 01.560 | C28: Temporary Barriers/Enclosures/Protection | E28: 0 | F28: 2400 | G28: 1100 | H28: 0 | I28: 0 | K28: =SUM(E28:I28) -> 3500 | L28: =IFERROR(K28/M$8,"$0") -> 0.75741182 | M28: =IFERROR(K28/M$13,"$0") -> 0.35982317
A29: 01.578 | C29: Site Maintenance (Snow Removal/Mowing) | E29: 0 | F29: 1250 | G29: 150 | H29: 0 | I29: 0 | K29: =SUM(E29:I29) -> 1400 | L29: =IFERROR(K29/M$8,"$0") -> 0.30296473 | M29: =IFERROR(K29/M$13,"$0") -> 0.14392927
A30: 01.740 | C30: Cleaning & Waste Management (Dumpsters) | E30: 0 | F30: ='DIV 1 GC'!J132+'DIV 1 GC'!J133 -> 12485 | G30: 0 | H30: ='DIV 1 GC'!J139 -> 7400 | I30: ='DIV 1 GC'!J135+'DIV 1 GC'!J136+'DIV 1 GC'!J137 -> 6725 | K30: =SUM(E30:I30) -> 26610 | L30: =IFERROR(K30/M$8,"$0") -> 5.7584938 | M30: =IFERROR(K30/M$13,"$0") -> 2.7356842
A31: 01.810 | C31: Warranties | E31: 0 | F31: 0 | G31: 0 | H31: ='DIV 1 GC'!J144 -> 18000 | I31: 0 | K31: =SUM(E31:I31) -> 18000 | L31: =IFERROR(K31/M$8,"$0") -> 3.8952608 | M31: =IFERROR(K31/M$13,"$0") -> 1.8505192
A32: 01.830 | C32: Small Tools/Supply/Rentals | E32: 0 | F32: 0 | G32: 0 | H32: 2250 | I32: 0 | K32: =SUM(E32:I32) -> 2250 | L32: =IFERROR(K32/M$8,"$0") -> 0.4869076 | M32: =IFERROR(K32/M$13,"$0") -> 0.2313149
A33: 01.840 | C33: Punchlist | E33: 0 | F33: 3000 | G33: 0 | H33: 0 | I33: 0 | K33: =SUM(E33:I33) -> 3000 | L33: =IFERROR(K33/M$8,"$0") -> 0.64921013 | M33: =IFERROR(K33/M$13,"$0") -> 0.30841986
A34: 2 | C34: EXISTING CONDITIONS | I34: TOTAL | K34: =SUM(K35) -> 0 | L34: =IFERROR(K34/M$8,"$0") -> 0 | M34: =IFERROR(K34/M$13,"$0") -> 0
A35: 02.010 | C35: Demolition | E35: 0 | F35: 0 | G35: 0 | H35: 0 | I35: 0 | K35: =SUM(E35:I35) -> 0 | L35: =IFERROR(K35/M$8,"$0") -> 0 | M35: =IFERROR(K35/M$13,"$0") -> 0
A36: 3 | C36: CONCRETE | I36: TOTAL | K36: =SUM(K37:K38) -> 111245 | L36: =IFERROR(K36/M$8,"$0") -> 24.073794 | M36: =IFERROR(K36/M$13,"$0") -> 11.436723
A37: 03.300 | C37: Footings / Foundations | E37: 0 | F37: 0 | G37: 0 | H37: 0 | I37: 80749 | K37: =SUM(E37:I37) -> 80749 | L37: =IFERROR(K37/M$8,"$0") -> 17.474356 | M37: =IFERROR(K37/M$13,"$0") -> 8.3015318
A38: 03.320 | C38: Interior Concrete Flatwork | E38: 0 | F38: 0 | G38: 0 | H38: 1700 | I38: 28796 | K38: =SUM(E38:I38) -> 30496 | L38: =IFERROR(K38/M$8,"$0") -> 6.5994374 | M38: =IFERROR(K38/M$13,"$0") -> 3.1351907
A39: 4 | C39: MASONRY | I39: TOTAL | K39: =SUM(K40:K42) -> 116214 | L39: =IFERROR(K39/M$8,"$0") -> 25.149102 | M39: =IFERROR(K39/M$13,"$0") -> 11.947569
A40: 04.210 | C40: Brick Masonry / Precast Sills & Caps | E40: 0 | F40: 0 | G40: 0 | H40: 0 | I40: 0 | K40: =SUM(E40:I40) -> 0 | L40: =IFERROR(K40/M$8,"$0") -> 0 | M40: =IFERROR(K40/M$13,"$0") -> 0
A41: 04.220 | C41: Concrete Unit Masonry (Blockwork) | E41: 0 | F41: 0 | G41: 1150 | H41: 0 | I41: 1550 | K41: =SUM(E41:I41) -> 2700 | L41: =IFERROR(K41/M$8,"$0") -> 0.58428911 | M41: =IFERROR(K41/M$13,"$0") -> 0.27757788
A42: 04.430 | C42: Stone Masonry / Precast Sills & Caps | E42: 0 | F42: 0 | G42: 14691 | H42: 0 | I42: 98823 | K42: =SUM(E42:I42) -> 113514 | L42: =IFERROR(K42/M$8,"$0") -> 24.564813 | M42: =IFERROR(K42/M$13,"$0") -> 11.669991
A43: 5 | C43: METAL | I43: TOTAL | K43: =SUM(K44:K47) -> 18000 | L43: =IFERROR(K43/M$8,"$0") -> 3.8952608 | M43: =IFERROR(K43/M$13,"$0") -> 1.8505192
A44: 05.120 | C44: Structural Steel Material | E44: 0 | F44: 0 | G44: 15500 | H44: 0 | I44: 0 | K44: =SUM(E44:I44) -> 15500 | L44: =IFERROR(K44/M$8,"$0") -> 3.3542523 | M44: =IFERROR(K44/M$13,"$0") -> 1.5935026
A45: 05.528 | C45: Metal Interior Railings | E45: 0 | F45: 0 | G45: 0 | H45: 0 | I45: 0 | K45: =SUM(E45:I45) -> 0 | L45: =IFERROR(K45/M$8,"$0") -> 0 | M45: =IFERROR(K45/M$13,"$0") -> 0
A46: 05.530 | C46: Exterior Railings (stairs) | E46: 0 | F46: 0 | G46: 0 | H46: 0 | I46: 2500 | K46: =SUM(E46:I46) -> 2500 | L46: =IFERROR(K46/M$8,"$0") -> 0.54100844 | M46: =IFERROR(K46/M$13,"$0") -> 0.25701655
A47: 05.700 | C47: Decorative Metal | E47: 0 | F47: 0 | G47: 0 | H47: 0 | I47: 0 | K47: =SUM(E47:I47) -> 0 | L47: =IFERROR(K47/M$8,"$0") -> 0 | M47: =IFERROR(K47/M$13,"$0") -> 0
A48: 6 | C48: CARPENTRY | I48: TOTAL | K48: =SUM(K49:K54) -> 614056.97 | L48: =IFERROR(K48/M$8,"$0") -> 132.884 | M48: =IFERROR(K48/M$13,"$0") -> 63.129122
A49: 06.110 | C49: Wood Framing | E49: 0 | F49: 3640 | G49: 131138.24 | H49: 1500 | I49: 108784 | K49: =SUM(E49:I49) -> 245062.24 | L49: =IFERROR(K49/M$8,"$0") -> 53.032296 | M49: =IFERROR(K49/M$13,"$0") -> 25.194021
A50: 06.150 | C50: Composite Decking | E50: 0 | F50: 0 | G50: 0 | H50: 0 | I50: 0 | K50: =SUM(E50:I50) -> 0 | L50: =IFERROR(K50/M$8,"$0") -> 0 | M50: =IFERROR(K50/M$13,"$0") -> 0
A51: 06.380 | C51: Cabinetry Allowance (Kitchen Hood) | E51: 206405 | F51: 0 | G51: 0 | H51: 8000 | I51: 0 | K51: =SUM(E51:I51) -> 214405 | L51: =IFERROR(K51/M$8,"$0") -> 46.397966 | M51: =IFERROR(K51/M$13,"$0") -> 22.042254
A52: 06.442 | C52: Exterior Brackets/Timbers | E52: 0 | F52: 600 | G52: 881 | H52: 0 | I52: 0 | K52: =SUM(E52:I52) -> 1481 | L52: =IFERROR(K52/M$8,"$0") -> 0.3204934 | M52: =IFERROR(K52/M$13,"$0") -> 0.15225661
A53: 06.460 | C53: Wood Interior Trim & Stair Parts | E53: 0 | F53: 0 | G53: 30806.73 | H53: 0 | I53: 64960 | K53: =SUM(E53:I53) -> 95766.73 | L53: =IFERROR(K53/M$8,"$0") -> 20.724244 | M53: =IFERROR(K53/M$13,"$0") -> 9.8454539
A54: 06.612 | C54: Countertop Allowance | E54: 57342 | F54: 0 | G54: 0 | H54: 0 | I54: 0 | K54: =SUM(E54:I54) -> 57342 | L54: =IFERROR(K54/M$8,"$0") -> 12.409002 | M54: =IFERROR(K54/M$13,"$0") -> 5.8951372
A55: 7 | C55: MOISTURE/THERMAL PROT. | I55: TOTAL | K55: =SUM(K56:K64) -> 168517 | L55: =IFERROR(K55/M$8,"$0") -> 36.467648 | M55: =IFERROR(K55/M$13,"$0") -> 17.324663
A56: 07.130 | C56: Waterproofing/Passive Radon/Termite Treatment | E56: 0 | F56: 375 | G56: 150 | H56: 0 | I56: 9839 | K56: =SUM(E56:I56) -> 10364 | L56: =IFERROR(K56/M$8,"$0") -> 2.2428046 | M56: =IFERROR(K56/M$13,"$0") -> 1.0654878
A57: 07.210 | C57: Insulation | E57: 0 | F57: 0 | G57: 0 | H57: 0 | I57: 27390 | K57: =SUM(E57:I57) -> 27390 | L57: =IFERROR(K57/M$8,"$0") -> 5.9272885 | M57: =IFERROR(K57/M$13,"$0") -> 2.8158733
A58: 07.250 | C58: Stucco/EIFS System (EIFS chimney) | E58: 0 | F58: 0 | G58: 0 | H58: 6977 | I58: 23370 | K58: =SUM(E58:I58) -> 30347 | L58: =IFERROR(K58/M$8,"$0") -> 6.5671932 | M58: =IFERROR(K58/M$13,"$0") -> 3.1198725
A59: 07.300 | C59: Roofing | E59: 0 | F59: 0 | G59: 0 | H59: 0 | I59: 64231 | K59: =SUM(E59:I59) -> 64231 | L59: =IFERROR(K59/M$8,"$0") -> 13.899805 | M59: =IFERROR(K59/M$13,"$0") -> 6.6033721
A60: 07.455 | C60: Siding | E60: 0 | F60: 0 | G60: 5260 | H60: 0 | I60: 11450 | K60: =SUM(E60:I60) -> 16710 | L60: =IFERROR(K60/M$8,"$0") -> 3.6161004 | M60: =IFERROR(K60/M$13,"$0") -> 1.7178986
A61: 07.469 | C61: Exterior Carsiding (cedar) | E61: 0 | F61: 0 | G61: 5525 | H61: 0 | I61: w/ siding | K61: =SUM(E61:I61) -> 5525 | L61: =IFERROR(K61/M$8,"$0") -> 1.1956287 | M61: =IFERROR(K61/M$13,"$0") -> 0.56800658
A62: 07.600 | C62: Flashing/Brick Ledge | E62: 0 | F62: 800 | G62: 1050 | H62: 0 | I62: 0 | K62: =SUM(E62:I62) -> 1850 | L62: =IFERROR(K62/M$8,"$0") -> 0.40034625 | M62: =IFERROR(K62/M$13,"$0") -> 0.19019225
A63: 07.630 | C63: Gutters/Downspouts | E63: 0 | F63: 0 | G63: 0 | H63: 0 | I63: 6600 | K63: =SUM(E63:I63) -> 6600 | L63: =IFERROR(K63/M$8,"$0") -> 1.4282623 | M63: =IFERROR(K63/M$13,"$0") -> 0.6785237
A64: 07.920 | C64: Joint Sealants | E64: 0 | F64: 0 | G64: 0 | H64: 0 | I64: 5500 | K64: =SUM(E64:I64) -> 5500 | L64: =IFERROR(K64/M$8,"$0") -> 1.1902186 | M64: =IFERROR(K64/M$13,"$0") -> 0.56543641
A65: 8 | C65: DOORS & WINDOWS | I65: TOTAL | K65: =SUM(K66:K73) -> 160973.25 | L65: =IFERROR(K65/M$8,"$0") -> 34.835156 | M65: =IFERROR(K65/M$13,"$0") -> 16.549116
A66: 08.140 | C66: Interior Wood Doors | E66: 0 | F66: 0 | G66: ='DIV 8 OPENINGS'!E19 -> 24014.255 | H66: 0 | I66: 0 | K66: =SUM(E66:I66) -> 24014.255 | L66: =IFERROR(K66/M$8,"$0") -> 5.1967658 | M66: =IFERROR(K66/M$13,"$0") -> 2.4688244
A67: 08.164 | C67: Exterior Doors (w/ windows) | E67: 0 | F67: 0 | G67: 0 | H67: 0 | I67: 0 | K67: =SUM(E67:I67) -> 0 | L67: =IFERROR(K67/M$8,"$0") -> 0 | M67: =IFERROR(K67/M$13,"$0") -> 0
A68: 08.178 | C68: Front Door | E68: 14559 | F68: =65*8 -> 520 | G68: 0 | H68: 0 | I68: 0 | K68: =SUM(E68:H68) -> 15079 | L68: =IFERROR(K68/M$8,"$0") -> 3.2631465 | M68: =IFERROR(K68/M$13,"$0") -> 1.550221
A69: 08.184 | C69: Pet Door | E69: 0 | F69: 0 | G69: 0 | H69: 0 | I69: 0 | K69: =SUM(E69:I69) -> 0 | L69: =IFERROR(K69/M$8,"$0") -> 0 | M69: =IFERROR(K69/M$13,"$0") -> 0
A70: 08.385 | C70: Garage Doors | E70: 0 | F70: 0 | G70: 0 | H70: 0 | I70: 7790 | K70: =SUM(E70:I70) -> 7790 | L70: =IFERROR(K70/M$8,"$0") -> 1.6857823 | M70: =IFERROR(K70/M$13,"$0") -> 0.80086358
A71: 08.500 | C71: Windows (Pella Reserve) | E71: 0 | F71: 0 | G71: 0 | H71: 0 | I71: 100832 | K71: =SUM(E71:I71) -> 100832 | L71: =IFERROR(K71/M$8,"$0") -> 21.820385 | M71: =IFERROR(K71/M$13,"$0") -> 10.366197
A72: 08.600 | C72: Roof Window/Skylights/Sun Tunnel | E72: 0 | F72: 0 | G72: 0 | H72: 0 | I72: 0 | K72: =SUM(E72:I72) -> 0 | L72: =IFERROR(K72/M$8,"$0") -> 0 | M72: =IFERROR(K72/M$13,"$0") -> 0
A73: 08.817 | C73: Mirrors/Glass Inserts/Shower Doors | E73: 13258 | F73: 0 | G73: 0 | H73: 0 | I73: 0 | K73: =SUM(E73:I73) -> 13258 | L73: =IFERROR(K73/M$8,"$0") -> 2.869076 | M73: =IFERROR(K73/M$13,"$0") -> 1.3630102
A74: 9 | C74: FINISHES | I74: TOTAL | K74: =SUM(K75:K87) -> 247499 | L74: =IFERROR(K74/M$8,"$0") -> 53.559619 | M74: =IFERROR(K74/M$13,"$0") -> 25.444536
A75: 09.200 | C75: Drywall | E75: 0 | F75: 0 | G75: 0 | H75: 1000 | I75: 46793 | K75: =SUM(E75:I75) -> 47793 | L75: =IFERROR(K75/M$8,"$0") -> 10.342567 | M75: =IFERROR(K75/M$13,"$0") -> 4.9134368
A76: 09.300 | C76: Tile Allowance
C77: Floor Tile | E77: 29710 | F77: 0 | G77: 0 | H77: 0 | I77: 0 | K77: =SUM(E77:I77) -> 29710 | L77: =IFERROR(K77/M$8,"$0") -> 6.4293443 | M77: =IFERROR(K77/M$13,"$0") -> 3.0543847
C78: Wall Tile/Columns | E78: 0 | F78: 0 | G78: 0 | H78: 0 | I78: 0 | K78: =SUM(E78:I78) -> 0 | L78: =IFERROR(K78/M$8,"$0") -> 0 | M78: =IFERROR(K78/M$13,"$0") -> 0
C79: Tile Backsplash | E79: 0 | F79: 0 | G79: 0 | H79: 0 | I79: 0 | K79: =SUM(E79:I79) -> 0 | L79: =IFERROR(K79/M$8,"$0") -> 0 | M79: =IFERROR(K79/M$13,"$0") -> 0
C80: Shower/Tub Tile | E80: 35271 | F80: 0 | G80: 0 | H80: 0 | I80: 0 | K80: =SUM(E80:I80) -> 35271 | L80: =IFERROR(K80/M$8,"$0") -> 7.6327635 | M80: =IFERROR(K80/M$13,"$0") -> 3.6260923
A81: 09.640 | C81: Wood Flooring Allowance | E81: 38124 | F81: 0 | G81: 0 | H81: 0 | I81: 0 | K81: =SUM(E81:I81) -> 38124 | L81: =IFERROR(K81/M$8,"$0") -> 8.2501623 | M81: =IFERROR(K81/M$13,"$0") -> 3.9193996
A82: 09.657 | C82: Rubber Athletic Flooring Allowance | E82: 0 | F82: 0 | G82: 0 | H82: 0 | I82: 0 | K82: =SUM(E82:I82) -> 0 | L82: =IFERROR(K82/M$8,"$0") -> 0 | M82: =IFERROR(K82/M$13,"$0") -> 0
A83: 09.672 | C83: Epoxy Flooring | E83: 7352 | F83: 0 | G83: 0 | H83: 0 | I83: 0 | K83: =SUM(E83:I83) -> 7352 | L83: =IFERROR(K83/M$8,"$0") -> 1.5909976 | M83: =IFERROR(K83/M$13,"$0") -> 0.75583428
A84: 09.680 | C84: Carpet Allowance | E84: ='DIV 9 FINISHES'!H238 -> 19595 | F84: 0 | G84: 0 | H84: 0 | I84: 0 | K84: =SUM(E84:I84) -> 19595 | L84: =IFERROR(K84/M$8,"$0") -> 4.2404242 | M84: =IFERROR(K84/M$13,"$0") -> 2.0144957
A85: 09.720 | C85: Wall Coverings/Faux Finishing | E85: by owner | F85: 0 | G85: 0 | H85: 0 | I85: 0 | K85: =SUM(E85:I85) -> 0 | L85: =IFERROR(K85/M$8,"$0") -> 0 | M85: =IFERROR(K85/M$13,"$0") -> 0
A86: 09.910 | C86: Painting (assuming prefinished cabinets) | E86: 0 | F86: 0 | G86: 0 | H86: 0 | I86: 64894 | K86: =SUM(E86:I86) -> 64894 | L86: =IFERROR(K86/M$8,"$0") -> 14.043281 | M86: =IFERROR(K86/M$13,"$0") -> 6.6715328
A87: 09.920 | C87: Stone at M Bath | E87: 4760 | F87: 0 | G87: 0 | H87: 0 | I87: 0 | K87: =SUM(E87:I87) -> 4760 | L87: =IFERROR(K87/M$8,"$0") -> 1.0300801 | M87: =IFERROR(K87/M$13,"$0") -> 0.48935951
A88: 10 | C88: SPECIALTIES | I88: TOTAL | K88: =SUM(K89:K98) -> 112354 | L88: =IFERROR(K88/M$8,"$0") -> 24.313785 | M88: =IFERROR(K88/M$13,"$0") -> 11.550735
A89: 10.050 | C89: Finish Hardware Allowance | E89: 15597 | F89: 4000 | G89: 0 | H89: 0 | I89: 0 | K89: =SUM(E89:I89) -> 19597 | L89: =IFERROR(K89/M$8,"$0") -> 4.240857 | M89: =IFERROR(K89/M$13,"$0") -> 2.0147013
A90: 10.140 | C90: Address Numbers | E90: 0 | F90: 0 | G90: 0 | H90: 0 | I90: 0 | K90: =SUM(E90:I90) -> 0 | L90: =IFERROR(K90/M$8,"$0") -> 0 | M90: =IFERROR(K90/M$13,"$0") -> 0
A91: 10.310 | C91: Fireplaces (Great Room and Cap Allowance) | E91: 5000 | F91: =(2*8*65) -> 1040 | G91: 0 | H91: 1200 | I91: 9005 | K91: =SUM(E91:I91) -> 16245 | L91: =IFERROR(K91/M$8,"$0") -> 3.5154728 | M91: =IFERROR(K91/M$13,"$0") -> 1.6700936
A92: 10.311 | C92: Fireplaces (Patio) | F92: 520 | G92: 0 | H92: 0 | I92: 4992 | K92: =SUM(E92:I92) -> 5512 | L92: =IFERROR(K92/M$8,"$0") -> 1.1928154 | M92: =IFERROR(K92/M$13,"$0") -> 0.56667009
A93: 10.314 | C93: Fireplace Facings Allowance | E93: 16627 | F93: 0 | G93: 0 | H93: 0 | I93: 0 | K93: =SUM(E93:I93) -> 16627 | L93: =IFERROR(K93/M$8,"$0") -> 3.5981389 | M93: =IFERROR(K93/M$13,"$0") -> 1.7093657
A94: 10.552 | C94: Mailbox | E94: 0 | F94: 0 | G94: 0 | H94: 0 | I94: 0 | K94: =SUM(E94:I94) -> 0 | L94: =IFERROR(K94/M$8,"$0") -> 0 | M94: =IFERROR(K94/M$13,"$0") -> 0
A95: 10.562 | C95: Storage Shelving | E95: OPTION | F95: 250 | G95: 250 | H95: 0 | I95: 0 | K95: =SUM(E95:I95) -> 500 | L95: =IFERROR(K95/M$8,"$0") -> 0.10820169 | M95: =IFERROR(K95/M$13,"$0") -> 0.05140331
A96: 10.566 | C96: Wine Cellar Racks/Cooling | E96: 0 | F96: 0 | G96: 0 | H96: 0 | I96: 0 | K96: =SUM(E96:I96) -> 0 | L96: =IFERROR(K96/M$8,"$0") -> 0 | M96: =IFERROR(K96/M$13,"$0") -> 0
A97: 10.572 | C97: Closet Systems Allowance | E97: 53873 | F97: 0 | G97: 0 | H97: 0 | I97: 0 | K97: =SUM(E97:I97) -> 53873 | L97: =IFERROR(K97/M$8,"$0") -> 11.658299 | M97: =IFERROR(K97/M$13,"$0") -> 5.5385011
A98: 10.712 | C98: Exterior Shutters | E98: 0 | F98: 0 | G98: 0 | H98: 0 | I98: 0 | K98: =SUM(E98:I98) -> 0 | L98: =IFERROR(K98/M$8,"$0") -> 0 | M98: =IFERROR(K98/M$13,"$0") -> 0
A99: 11 | C99: EQUIPMENT | I99: TOTAL | K99: =SUM(K100:K103) -> 78810.981 | L99: =IFERROR(K99/M$8,"$0") -> 17.054962 | M99: =IFERROR(K99/M$13,"$0") -> 8.1022907
A100: 11.3 | C100: Appliance Allowance (incl. grill/laundry) | E100: ='DIV 11 EQUIPMENT'!E31 -> 77770.981 | F100: =65*16 -> 1040 | G100: 0 | H100: 0 | I100: 0 | K100: =SUM(E100:I100) -> 78810.981 | L100: =IFERROR(K100/M$8,"$0") -> 17.054962 | M100: =IFERROR(K100/M$13,"$0") -> 8.1022907
A101: 11.52 | C101: TV's Allowance | E101: by owner | F101: 0 | G101: 0 | H101: 0 | I101: 0 | K101: =SUM(E101:I101) -> 0 | L101: =IFERROR(K101/M$8,"$0") -> 0 | M101: =IFERROR(K101/M$13,"$0") -> 0
A102: 11.660 | C102: Athletic Equipment | E102: by owner | F102: 0 | G102: 0 | H102: 0 | I102: 0 | K102: =SUM(E102:I102) -> 0 | L102: =IFERROR(K102/M$8,"$0") -> 0 | M102: =IFERROR(K102/M$13,"$0") -> 0
A103: 11.678 | C103: Game Room Equipment (Golf Simulator) | E103: OPTION | F103: 0 | G103: 0 | H103: 0 | I103: 0 | K103: =SUM(E103:I103) -> 0 | L103: =IFERROR(K103/M$8,"$0") -> 0 | M103: =IFERROR(K103/M$13,"$0") -> 0
A104: 12 | C104: FURNISHINGS | I104: TOTAL | K104: =SUM(K105:K107) -> 0 | L104: =IFERROR(K104/M$8,"$0") -> 0 | M104: =IFERROR(K104/M$13,"$0") -> 0
...

Sheet DIV 1 GC
A1: 01.000 | B1: GENERAL CONDITIONS
A3: 1.12 | B3: Superintendent
D5: PROJECT DURATION - MONTHS | E5: APPROX. HOURS/DAY | F5: HOURS/WEEK | G5: RATE/HOUR | H5: COST/WEEK | I5: PROJECT DURATION - WEEKS | J5: TOTAL
C6: minimal supervision at start 3 wks | D6: 0 | E6: 0 | F6: 15 | G6: 90 | H6: =G6*F6 -> 1350 | I6: 66.5 | J6: =I6*H6 -> 89775
A8: 1.17 | B8: Travel/Pickup/Deliveries
B10: Rates updated March 2026 | I10: TOTAL | J10: =SUM(J12:J12) -> 2700
F11: HOURS/WEEK | G11: RATE/HOUR | H11: COST/WEEK | I11: PROJECT DURATION - WEEKS | J11: TOTAL
E12: Labor | F12: 0.75 | G12: 60 | H12: =G12*F12 -> 45 | I12: 60 | J12: =I12*H12 -> 2700
A14: 1.205 | B14: MUD Fees
B16: Rates updated March 2026 (based on Schachne) | F16: TOTAL | G16: =SUM(G18:G20) -> 4687
B18: 1" Capital Facilities Charge (Impact Fee) | E18: 1 | F18: 3520 | G18: =F18*E18 -> 3520
B19: 1" Meter Install | E19: 1 | F19: 459 | G19: =F19*E19 -> 459
B20: Water Tap | E20: 1 | F20: =629+79 -> 708 | G20: =F20*E20 -> 708
A22: 1.214 | B22: Bldg. Permit
B24: Rates updated March 2026 | I24: TOTAL | J24: 0
B26: City of Omaha
B27: https://permits.cityofomaha.org/fees
B28: $1.00-$2,000 | D28: 41 | H28: 0 | I28: 41 | J28: =I28*H28 -> 0
B30: $2,000-$25,000 | D30: $41.00 for first $2,000, plus $9.53 for each additional $1,000 | H30: 0 | I30: 41 | J30: =I30*H30 -> 0
H31: 0 | I31: 9.53 | J31: =I31*H31 -> 0
B33: $25,001-$50,000 | D33: $260.19 for first $25,000, plus $6.44 for each additional $1,000 | H33: 0 | I33: 260.19 | J33: =I33*H33 -> 0
H34: 0 | I34: 6.44 | J34: =I34*H34 -> 0
B36: $50,001-$100,000 | D36: $421.19 for first $50,000, plus $3.19 for each additional $1,000 | H36: 0 | I36: 421.19 | J36: =I36*H36 -> 0
H37: 0 | I37: 3.19 | J37: =I37*H37 -> 0
B39: $100,001-$500,000 | D39: $580.69 for first $100,000, plus $2.78 for each additional $1,000 | H39: 0 | I39: 580.69 | J39: =I39*H39 -> 0
H40: 0 | I40: 2.78 | J40: =I40*H40 -> 0
B42: $500,001-$1,000,000 | D42: $1,692.69 for first $500,000, plus $2.37 for each additional $1,000 | H42: 0 | I42: 1692.69 | J42: =I42*H42 -> 0
H43: 0 | I43: 2.37 | J43: =I43*H43 -> 0
B45: $1,000,001 and up | D45: $2877.69 for first $1,000,000, plus $1.96 for each additional $1,000 | H45: 0 | I45: 1000000 | J45: =I45*H45 -> 0
H46: 0 | I46: 1.96 | J46: =I46*H46 -> 0
B48: City of Blair
B49: https://www.blairne.gov/DocumentCenter/View/52/Building-Permit-and-Zoning-Fees-PDF
B50: Finished SF (not including finished basement) | E50: 0 | F50: * | G50: 102 | H50: =G50*E50 -> 0
B51: Finished Basement SF | E51: 0 | F51: * | G51: 62 | H51: =G51*E51 -> 0
B52: Unfinished Basement SF | E52: 0 | F52: * | G52: 32 | H52: =G52*E52 -> 0
B53: Garage SF | E53: 0 | F53: * | G53: 30 | H53: =G53*E53 -> 0
H54: =SUM(H50:H53) -> 0
G55: Multiply by .006 | H55: 0.006
G56: Total | H56: =H54*H55 -> 0
A58: 1.23 | B58: Builders Risk
I60: TOTAL | J60: =SUM(J62:J63) -> 4608
B62: Builders Risk (0.144/100 cost) | G62: 32000 | H62: 0.144 | J62: =G62*H62 -> 4608
B63: Misc. | G63: 0 | J63: =G63*H63 -> 0
A65: 1.235 | B65: General Liability
I67: TOTAL | J67: =SUM(J69:J71) -> 8864
B69: Liability (2.77/1000 cost) | G69: 3200 | H69: 2.77 | J69: =G69*H69 -> 8864
B70: Bond | G70: 0 | J70: =G70*H70 -> 0
B71: Misc. | G71: 0 | J71: =G71*H71 -> 0
A73: 1.452 | B73: Testing/Inspections
I75: TOTAL | J75: =SUM(J77:J78) -> 0
B77: Soil Testing | G77: 0 | H77: 1500 | J77: =G77*H77 -> 0
B78: Call back after excavation for visual inspection | G78: 0 | H78: 200 | J78: =G78*H78 -> 0
A80: 1.454 | B80: Mockups
I82: TOTAL | J82: =SUM(J84:J85) -> 1310
E84: Labor | G84: 16 | H84: 60 | I84: HR | J84: =G84*H84 -> 960
E85: Materials | G85: 1 | H85: 350 | I85: EA | J85: =G85*H85 -> 350
A87: 1.501 | B87: Temporary Utilities
B89: Rates updated March 2026 | I89: TOTAL | J89: =SUM(J91:J98) -> 7597.2
B91: Temp Power Service | D91: OPPD | G91: 16 | H91: 175 | I91: /MONTH | J91: =G91*H91 -> 2800
B92: Temp Gas / Water Service | D92: MUD | G92: 6 | H92: 250 | I92: /MONTH | J92: =G92*H92 -> 1500
B94: Temp Heat for Interior | D94: Labor / Material | G94: 4 | H94: 300 | I94: ALLOWANCE | J94: =G94*H94 -> 1200
B95: Temp Heat for Exterior | D95: Labor / Material | G95: 0 | H95: 200 | I95: ALLOWANCE | J95: =G95*H95 -> 0
B97: Portable Toilet | D97: Eagle Services | F97: Monthly Charge (includes tax) | G97: 16 | H97: =120*1.07 -> 128.4 | I97: /MONTH | J97: =G97*H97 -> 2054.4
F98: Delivery & Pickup (inlcudes tax) | G98: 2 | H98: =20*1.07 -> 21.4 | I98: /MONTH | J98: =G98*H98 -> 42.8
A100: 1.538 | B100: Technology
B102: Rates updated March 2026 | I102: TOTAL | J102: =SUM(J104:J105) -> 2000
F104: Copier | G104: 1 | H104: 500 | I104: /JOB | J104: =G104*H104 -> 500
F105: Software | G105: 15 | H105: 100 | I105: / MONTH | J105: =G105*H105 -> 1500
A107: 1.54 | B107: Equipment (Forklift/Skid Loader)
B109: Rates updated March 2026 | I109: TOTAL | J109: =SUM(J111) -> 1750
F111: Equipment | G111: 1 | H111: 1750 | I111: /JOB | J111: =G111*H111 -> 1750
A113: 1.56 | B113: Temporary Barries/Enclosures
B115: Rates updated March 2026 | I115: TOTAL | J115: =SUM(J117:J119) -> 3900
E117: Material | G117: 2 | H117: 750 | I117: EA | J117: =G117*H117 -> 1500
E118: Labor | F118: (2 guys at $60/hr) | G118: 20 | H118: 120 | I118: HR | J118: =G118*H118 -> 2400
E119: Subcontract | G119: 0 | H119: 4500 | I119: EA | J119: =G119*H119 -> 0
A121: 1.578 | B121: Site Maintenance
B123: Rates updated March 2026 | I123: TOTAL | J123: =SUM(J125:J126) -> 4800
B125: Snow Removal | E125: Labor | G125: 20 | H125: 60 | I125: HR | J125: =G125*H125 -> 1200
B126: Mowing/Spraying/Weedeating | E126: Labor | G126: 60 | H126: 60 | I126: HR | J126: =G126*H126 -> 3600
A128: 1.74 | B128: Cleaning & Waste Management
B130: Rates updated March 2026 | I130: TOTAL | J130: =SUM(J132:J139) -> 26610
D132: Interim Clean | E132: Labor | F132: 3 hrs/week | G132: =65*3 -> 195 | H132: 55 | I132: HR | J132: =G132*H132 -> 10725
D133: Final Clean | E133: Labor | G133: 32 | H133: 55 | I133: HR | J133: =G133*H133 -> 1760
D135: Final Clean | E135: Subcontract | G135: 6750 | H135: 0.7 | I135: SF | J135: =G135*H135 -> 4725
D136: Window Clean | E136: Subcontract | F136: 2-story | G136: 1 | H136: 2000 | I136: EA | J136: =G136*H136 -> 2000
D137: Window Clean | E137: Subcontract | F137: Ranch | G137: 0 | H137: 750 | I137: EA | J137: =G137*H137 -> 0
D139: Dumpsters | E139: Other | F139: S2 | G139: 20 | H139: 370 | I139: /MONTH | J139: =G139*H139 -> 7400
D140: Excludes drywall in phase
A142: 1.81 | B142: Warranties
B144: Warranty Historical | E144: Own | F144: McNeil | G144: 3000000 | H144: 0.006 | I144: /TOTAL/COST | J144: =G144*H144 -> 18000
A146: 1.83 | B146: Small Tools/Supply/Rent
B148: Rates updated March 2026 | I148: TOTAL | J148: =SUM(J150:J152) -> 1270
F150: Tools/Supplies | G150: 1 | H150: 400 | I150: /JOB | J150: =G150*H150 -> 400
F151: Floor Sander | G151: 1 | H151: 120 | I151: /JOB | J151: =G151*H151 -> 120
F152: Other Equipment | G152: 3 | H152: 250 | I152: /JOB | J152: =G152*H152 -> 750
A154: 1.84 | B154: Punchlist
B156: Rates updated March 2026 | I156: TOTAL | J156: =SUM(J158) -> 1500
F158: Labor | G158: 1 | H158: 1500 | I158: /JOB | J158: =G158*H158 -> 1500

Sheet DIV 2 EXIST. COND.
A1: 02.000 | B1: EXISTING CONDITIONS
A3: 2.01 | B3: Demolition
E5: Company | F5: Company | G5: Company | H5: Company
A6: Base Bid | E6: 0 | F6: 0 | G6: 0 | H6: 0
A7: 1
A8: 2
A9: 3
A10: 4
A11: 5
A12: 6
A13: 7
A14: 8
A15: 9
A16: 10
D17: TOTAL | E17: =SUM(E6:E16) -> 0 | F17: =SUM(F6:F16) -> 0 | G17: =SUM(G6:G16) -> 0 | H17: =SUM(H6:H16) -> 0

Sheet DIV 3 CONCRETE
A1: 03.000 | B1: CONCRETE
A3: 3.3 | B3: Footings/Foundations
E5: BDB | F5: Midwest Poured Walls | G5: StephenSmith
A6: Base Bid | E6: 79889 | F6: 74895 | G6: 62131 | H6: 0
A7: 1
A8: 2
A9: 3 | B9: sales tax adjustment (5.5 to 7) | G9: =62131*0.015 -> 931.965
A10: 4
A11: 5
A12: 6
A13: 7
A14: 8
A15: 9
A16: 10
D17: TOTAL | E17: =SUM(E6:E16) -> 79889 | F17: =SUM(F6:F16) -> 74895 | G17: =SUM(G6:G16) -> 63062.965 | H17: =SUM(H6:H16) -> 0
A19: 3.32 | B19: Interior Concrete Flatwork
E21: RME | F21: Musicfield | G21: AM Contracting
A22: Base Bid | E22: 0 | F22: 0 | G22: 0 | H22: 0
A23: 1 | B23: basement | E23: 19783 | F23: 23240.25
A24: 2 | B24: garage | E24: 8263 | F24: 9808.75
A25: 3
A26: 4
A27: 5
A28: 6
A29: 7
A30: 8
A31: 9
A32: 10
D33: TOTAL | E33: =SUM(E22:E32) -> 28046 | F33: =SUM(F22:F32) -> 33049 | G33: =SUM(G22:G32) -> 0 | H33: =SUM(H22:H32) -> 0
A35: Unit Rate Estimate - rates updated March of 2026
A36: Lower Level Slab | C36: 2790 | D36: sf
A37: Garage Slab | C37: 1034 | D37: sf
C38: =SUM(C36:C37) -> 3824 | D38: sf
A40: MATERIAL
A41: Poly (LL & GARAGE SLAB SF x 1.15 = sf) | E41: 3824 | F41: 0.075 | G41: SF | H41: =E41*F41 -> 286.8
A42: Lower Level Slab Granular (LL SF x .33ft x 1.25 / 18 = tons) | E42: =(2790*0.33*1.25)/18 -> 63.9375 | F42: 22 | G42: TON | H42: =E42*F42 -> 1406.625
A43: Garage Slab Granular (GARAGE SF x .33ft x 1.25 / 18 = tons) | E43: =(1034*0.33*1.25)/18 -> 23.695833 | F43: 22 | G43: TON | H43: =E43*F43 -> 521.30833
A44: Additive (Xypex for water impermeable) | E44: 0 | F44: 131.85 | G44: BOX | H44: =E44*F44 -> 0
A45: Expansion Joints at Walls | D45: ls | E45: =(181+266)/50 -> 8.94 | F45: 125 | G45: EA | H45: =E45*F45 -> 1117.5
A47: SUBCONTRACTOR
A48: Lower Level Slab | E48: 2790 | F48: 6.75 | G48: SF | H48: =E48*F48 -> 18832.5
A49: Poly install | E49: 3824 | F49: 0.35 | G49: SF | H49: =E49*F49 -> 1338.4
A50: Step Down (form charge) | E50: 0 | F50: 10 | G50: LF | H50: =E50*F50 -> 0
A51: Garage Slab | E51: 1034 | F51: 6.75 | G51: SF | H51: =E51*F51 -> 6979.5
A52: Saw Cut slabs | E52: 3824 | F52: 0.05 | G52: SF | H52: =E52*F52 -> 191.2
A53: Grading | E53: 3850 | F53: 0.25 | G53: SF | H53: =E53*F53 -> 962.5
A54: Pump charge | E54: 1 | F54: 1700 | G54: EA | H54: =E54*F54 -> 1700
A55: Cure & Seal | E55: 3824 | F55: 0.12 | G55: SF | H55: =E55*F55 -> 458.88
G56: TOTAL | H56: =SUM(H41:H55) -> 33795.213

Sheet DIV 4 MASONRY
A1: 04.000 | B1: MASONRY
A3: 4.21 | B3: Brick / Precast Sills & Caps
E5: Company | F5: Company | G5: Company | H5: Company
A6: Base Bid | E6: 0 | F6: 0 | G6: 0 | H6: 0
A7: 1
A8: 2
A9: 3
A10: 4
A11: 5
A12: 6
A13: 7
A14: 8
A15: 9
A16: 10
D17: TOTAL | E17: =SUM(E6:E16) -> 0 | F17: =SUM(F6:F16) -> 0 | G17: =SUM(G6:G16) -> 0 | H17: =SUM(H6:H16) -> 0
A19: Unit Rate Estimate - rates updated March of 2026
A20: Brick (Modular) | C20: 0 | D20: SF | E20: 7 | F20: =C20*E20 -> 0 | G20: brick ea
A21: Soldiers/Rowblocks | C21: 0 | D21: LF | E21: 3.5 | F21: =C21*E21 -> 0 | G21: brick ea
A22: Approx. per 292lf | E22: RAW QTY BRICK | F22: =SUM(F20:F21) -> 0 | G22: brick ea
E23: 12% WASTE FACTOR | F23: =F22*0.12 -> 0 | G23: brick ea
E24: TOTAL | F24: =SUM(F22:F23) -> 0 | G24: brick ea
A26: *adjust brick/cube quantity based on brick size | E26: Qty of Full Cubes | F26: 525 | G26: brick/cube
E27: TOTAL | F27: =F24/F26 -> 0 | G27: total cubes
A29: Per Laura at Watkins:
A30: 125 brick/bag of masonry for this product
A31: premix mortar - 35-40 brick/bag on modular / 30-32 brick per bag oversize
A33: MATERIAL
A34: Brick (modular) | E34: 0 | F34: 0.95 | G34: =E34*F34 -> 0
A35: Brick (solids) | E35: 0 | F35: 1.5 | G35: =E35*F35 -> 0
A36: premix mortar (colored) | E36: 0 | F36: 14.45 | G36: =E36*F36 -> 0
A37: premix mortar (standard gray) | E37: 0 | F37: 9.5 | G37: =E37*F37 -> 0
A38: Masonry Cement | C38: 7 bags/M | E38: 0 | F38: 11 | G38: =E38*F38 -> 0
A39: Portland Cement | C39: 1 bag/5 of masonry | E39: 0 | F39: 14 | G39: =E39*F39 -> 0
A40: Sand | C40: 3 to 1 by weight | E40: 0 | F40: 15 | G40: =E40*F40 -> 0
A41: Weep Holes | C41: approx. every 3lf | E41: 0 | F41: 0.65 | G41: =E41*F41 -> 0
A42: Nervastral | C42: 12"x150'/roll | E42: 0 | F42: 90 | G42: =E42*F42 -> 0
A43: SureKlean #600 detergent | C43: 600sf/gallon | E43: 0 | F43: 25 | G43: =E43*F43 -> 0
A44: Ties | C44: .10 ties per brick | E44: 0 | F44: 0.35 | G44: =E44*F44 -> 0
A45: 1" Mortar Net | E45: 0 | F45: 2.4 | G45: =E45*F45 -> 0
A46: Misc. Tools | E46: 0 | F46: 200 | G46: =E46*F46 -> 0
A47: Pallet charge | E47: 0 | F47: 28 | G47: =E47*F47 -> 0
A48: freight/delivery | E48: 0 | F48: 75 | G48: =E48*F48 -> 0
F49: SUBTOTAL | G49: =SUM(G34:G48) -> 0
F50: 7% TAX | G50: =G49*0.07 -> 0
F51: TOTAL | G51: =SUM(G49:G50) -> 0
A53: 4.22 | B53: Concrete Masonry Units (Blockwork)
E55: Company | F55: Company | G55: Company | H55: Company
A56: Base Bid | E56: 0 | F56: 0 | G56: 0 | H56: 0
A57: 1
A58: 2
A59: 3
A60: 4
A61: 5
A62: 6
A63: 7
A64: 8
A65: 9
A66: 10
D67: TOTAL | E67: =SUM(E56:E66) -> 0 | F67: =SUM(F56:F66) -> 0 | G67: =SUM(G56:G66) -> 0 | H67: =SUM(H56:H66) -> 0
A69: 4.43 | B69: Stone Masonry / Precast Sills & Caps
E71: Ron Muller | F71: Material | G71: Arrowstone | H71: COMBO
A72: Base Bid | E72: 63700 | F72: 0 | G72: 0 | H72: 63700
A73: 1 | B73: Qty variance for full depth | E73: =(1395-1260)*25 -> 3375 | H73: =(1395-1260)*25 -> 3375
A74: 2 | B74: Thin Stone (Fireplace Stone - material only) | F74: =1343*17.08 -> 22938.44 | H74: 40040.54
A75: 3 | B75: Delivery | F75: 190 | H75: 190
A76: 4
A77: 5 | B77: See below | F77: =G127 -> 41851.98 | H77: =G127 -> 41851.98
A78: 6
A79: 7
A80: 8 | B80: Precast | G80: 14691 | H80: 14691
A81: 9
A82: 10
D83: TOTAL | E83: =SUM(E72:E82) -> 67075 | F83: =SUM(F72:F82) -> 64980.42 | G83: =SUM(G72:G82) -> 14691 | H83: =SUM(H72:H82) -> 163848.52
A85: Unit Rate Estimate - rates updated March of 2026
A86: Thin Stone Flats | C86: =884+185 -> 1069 | D86: SF | E86: 12% waste factor | F86: =C86*1.12 -> 1197.28 | G86: stone sf
A87: Thin Stone Corners | C87: 130 | D87: LF | E87: 12% waste factor | F87: =C87*1.12 -> 145.6 | G87: stone sf
A88: Approx. per 292lf | E88: TOTAL | F88: =SUM(F86:F87) -> 1342.88 | G88: stone sf
A90: Full Bed Depth Stone | C90: 1395 | D90: SF | E90: 12% waste factor | F90: =C90*1.12 -> 1562.4 | G90: stone sf
A91: Approx. per 292lf | E91: TOTAL | F91: =SUM(F90) -> 1562.4 | G91: stone sf
E93: Approximate ton qty | F93: 38 | G93: sf/ton
E94: TOTAL | F94: =F91/F93 -> 41.115789 | G94: tons
A96: per Laura at Watkins: | F96: =F88+F91 -> 2905.28 | G96: TOTAL STONE SF
A97: thin stone mortar coverage - Promix 70lb bag is 15sf/bag for joints; 7sf/bag for scratch coat
A98: full bed depth stone mortar coverage - depends on stone size, but 7-10sf/bag gets close
A99: german schmear style mortar coverage - depends on heaviness of schmear
A100: approximate sf/ton for full bed depth stone - 38-40sf/ton
A102: MATERIAL
A103: Thin Stone Flats | C103: $/sf | E103: 0 | F103: 12 | G103: =E103*F103 -> 0 | H103: Fireplace Stone
A104: Thin Stone Corners | C104: $/each | E104: 0 | F104: 18 | G104: =E104*F104 -> 0 | H104: Fireplace Stone
A105: Full Bed Depth Stone | C105: $/ton | E105: 41 | F105: 650 | G105: =E105*F105 -> 26650
A106: Premix Mortar (colored) - FULL | D106: 7 | E106: 225 | F106: 14.45 | G106: =E106*F106 -> 3251.25
A107: Premix Mortar (colored) - THIN | D107: 15 | E107: 90 | F107: 14.45 | G107: =E107*F107 -> 1300.5
A108: Premix Mortar (standard gray) | E108: 0 | F108: 13.8 | G108: =E108*F108 -> 0
A109: Scratch coat mortar | D109: 7 | E109: 195 | F109: 13.8 | G109: =E109*F109 -> 2691
A110: Metal Lathe | C110: 27"x96", assume 16sf with overlap | E110: 185 | F110: 14.1 | G110: =E110*F110 -> 2608.5
A111: Felt | C111: 200sf/roll | E111: 16 | F111: 35 | G111: =E111*F111 -> 560
A112: Lathe Bottom Weep Screed | C112: assume 10' | E112: =400/10 -> 40 | F112: 17 | G112: =E112*F112 -> 680
A113: Rainscreen, Keene | C113: 4'x65' | E113: 20 | F113: 10 | G113: =E113*F113 -> 200
A114: Masonry Cement | C114: 7 bags/M | E114: 0 | F114: 11 | G114: =E114*F114 -> 0
A115: Portland Cement | C115: 1 bag/5 of masonry | E115: 0 | F115: 14 | G115: =E115*F115 -> 0
...

Sheet DIV 5 METAL
A1: 05.000 | B1: METAL
A3: 5.12 | B3: Strucutural Steel - Material
E5: Stabdard Iron | F5: Company | G5: Company | H5: Company
A6: Base Bid | E6: 13412.23 | F6: 0 | G6: 0 | H6: 0
A7: 1 | B7: Priming steel | E7: 700
A8: 2 | B8: Delivery | E8: Included
A9: 3
A10: 4
A11: 5
A12: 6
A13: 7
A14: 8
A15: 9
A16: 10
D17: TOTAL | E17: =SUM(E6:E16) -> 14112.23 | F17: =SUM(F6:F16) -> 0 | G17: =SUM(G6:G16) -> 0 | H17: =SUM(H6:H16) -> 0
A19: 5.528 | B19: Metal Interior Railing
E21: Company | F21: Company | G21: Company | H21: Company
A22: Base Bid | E22: 0 | F22: 0 | G22: 0 | H22: 0
A23: 1
A24: 2
A25: 3
A26: 4
A27: 5
A28: 6
A29: 7
A30: 8
A31: 9
A32: 10
D33: TOTAL | E33: =SUM(E22:E32) -> 0 | F33: =SUM(F22:F32) -> 0 | G33: =SUM(G22:G32) -> 0 | H33: =SUM(H22:H32) -> 0
A35: 5.53 | B35: Exterior Deck Railing
E37: Company | F37: Company | G37: Company | H37: Company
A38: Base Bid | E38: 0 | F38: 0 | G38: 0 | H38: 0
A39: 1
A40: 2
A41: 3
A42: 4
A43: 5
A44: 6
A45: 7
A46: 8
A47: 9
A48: 10
D49: TOTAL | E49: =SUM(E38:E48) -> 0 | F49: =SUM(F38:F48) -> 0 | G49: =SUM(G38:G48) -> 0 | H49: =SUM(H38:H48) -> 0
A51: 5.7 | B51: Decorative Metal
E53: Company | F53: Company | G53: Company | H53: Company
A54: Base Bid | E54: 0 | F54: 0 | G54: 0 | H54: 0
A55: 1
A56: 2
A57: 3
A58: 4
A59: 5
A60: 6
A61: 7
A62: 8
A63: 9
A64: 10
D65: TOTAL | E65: =SUM(E54:E64) -> 0 | F65: =SUM(F54:F64) -> 0 | G65: =SUM(G54:G64) -> 0 | H65: =SUM(H54:H64) -> 0

Sheet DIV 6 CARPENTRY
A1: 06.000 | B1: CARPENTRY
A3: 6.11 | B3: Wood Framing
E5: LP | F5: MX3 | G5: Company | H5: Company
A6: Base Bid | E6: 108784 | F6: 116010 | G6: 0 | H6: 0
A7: 1
A8: 2
A9: 3
A10: 4
A11: 5
A12: 6
A13: 7
A14: 8
A15: 9
A16: 10
D17: TOTAL | E17: =SUM(E6:E16) -> 108784 | F17: =SUM(F6:F16) -> 116010 | G17: =SUM(G6:G16) -> 0 | H17: =SUM(H6:H16) -> 0
A19: 6.15 | B19: Wood Decks
E21: Company | F21: Company | G21: Company | H21: Company
A22: Base Bid | E22: 0 | F22: 0 | G22: 0 | H22: 0
A23: 1
A24: 2
A25: 3
A26: 4
A27: 5
A28: 6
A29: 7
A30: 8
A31: 9
A32: 10
D33: TOTAL | E33: =SUM(E22:E32) -> 0 | F33: =SUM(F22:F32) -> 0 | G33: =SUM(G22:G32) -> 0 | H33: =SUM(H22:H32) -> 0
A35: 6.38 | B35: Cabinetry
E37: CKF | F37: Company | G37: Company | H37: Company
A38: Main Level | E38: Classic
B39: Kitchen | C39: ALLOWANCE | D39: *MATERIAL | E39: 41686
A40: PLUG | B40: Coffee Bar Doors | C40: ALLOWANCE | D40: *MATERIAL | E40: 5000
B41: Hidden Pantry | C41: ALLOWANCE | D41: *MATERIAL | E41: 24459
B42: Planning Room | C42: ALLOWANCE | D42: *MATERIAL | E42: 10456
B43: Drop Zone | C43: ALLOWANCE | D43: *MATERIAL | E43: 11426
B44: Powder | C44: ALLOWANCE | D44: *MATERIAL | E44: 1247
B45: Contemplation | C45: ALLOWANCE | D45: *MATERIAL | E45: 10221
A46: PLUG | B46: Contemplation Arch | C46: ALLOWANCE | D46: *MATERIAL | E46: 2000
B47: Laundry | C47: ALLOWANCE | D47: *MATERIAL | E47: 12083
B48: Master Bath | C48: ALLOWANCE | D48: *MATERIAL | E48: 10831
B49: Great Room | C49: ALLOWANCE | D49: *MATERIAL | E49: 966
A50: PLUG | B50: Great Room Arch | C50: ALLOWANCE | D50: *MATERIAL | E50: 2000
A52: Upper Level
B53: Laundry | C53: ALLOWANCE | D53: *MATERIAL | E53: 3516
B54: Bath 3 | C54: ALLOWANCE | D54: *MATERIAL | E54: 3789
B55: Dressing 3/Bath 4 Linen | C55: ALLOWANCE | D55: *MATERIAL | E55: 7821
B56: Dressing 4 | C56: ALLOWANCE | D56: *MATERIAL | E56: 5331
A57: PLUG | B57: Dressing 4 Linen | C57: ALLOWANCE | D57: *MATERIAL | E57: 2000
A59: 1 | B59: Hardware | E59: 3570
A60: 2 | B60: Installation | E60: 22517
A61: 3
A62: 4
A63: 5
D64: TOTAL | E64: =SUM(E39:E63) -> 180919 | F64: =SUM(F56:F63) -> 0 | G64: =SUM(G56:G63) -> 0 | H64: =SUM(H56:H63) -> 0
A65: Exterior
B66: Patio | C66: ALLOWANCE | D66: *MATERIAL | E66: 13389
A69: 6.442 | B69: Exterior Brackets/Timbers
E71: Company | F71: Company | G71: Company | H71: Company
A72: Base Bid | E72: 0 | F72: 0 | G72: 0 | H72: 0
A73: 1
A74: 2
A75: 3
A76: 4
A77: 5
A78: 6
A79: 7
A80: 8
A81: 9
A82: 10
D83: TOTAL | E83: =SUM(E72:E82) -> 0 | F83: =SUM(F72:F82) -> 0 | G83: =SUM(G72:G82) -> 0 | H83: =SUM(H72:H82) -> 0
A85: 6.46 | B85: Wood Interior Trim
E87: Company | F87: Company | G87: Company | H87: Company
A88: Base Bid | E88: 0 | F88: 0 | G88: 0 | H88: 0
A89: 1 | B89: LABOR
A90: 2 | B90: MATERIAL
A91: 3
A92: 4
A93: 5
A94: 6
A95: 7
A96: 8
A97: 9
A98: 10
D99: TOTAL | E99: =SUM(E88:E98) -> 0 | F99: =SUM(F88:F98) -> 0 | G99: =SUM(G88:G98) -> 0 | H99: =SUM(H88:H98) -> 0
A101: Unit Rate Estimate
B102: MAIN FLOOR | D102: SPECIES | E102: QTY | F102: UNIT PRICE | G102: SUBTOTAL | H102: NOTES
B103: BASE AND CASING
B104: 3" Casing | E104: 0 | F104: 0 | G104: =E104*F104 -> 0
B105: 3 1/2" Casing | E105: 0 | F105: 0 | G105: =E105*F105 -> 0
B106: 4" Casing | E106: 0 | F106: 0 | G106: =E106*F106 -> 0
B107: 3" Base (Mechanical Rooms) | E107: 0 | F107: 0 | G107: =E107*F107 -> 0
B108: 4" Base | D108: POPLAR | E108: 50 | F108: 0 | G108: =E108*F108 -> 0 | H108: LF
B109: 6" Base | D109: POPLAR | E109: 30 | F109: 0 | G109: =E109*F109 -> 0 | H109: LF
B110: 8" Base | D110: POPLAR | E110: 360 | F110: 0 | G110: =E110*F110 -> 0 | H110: LF
B111: PVC Base - Azek (Garage) | D111: POPLAR | E111: 160 | F111: 0 | G111: =E111*F111 -> 0 | H111: LF
B112: Base Shoe | E112: 0 | F112: 0 | G112: =E112*F112 -> 0
B113: 1x2s | D113: POPLAR | E113: 6 | F113: 0 | G113: =E113*F113 -> 0 | H113: 8', EA
B114: Window Jamb Extensions | E114: 0 | F114: 0 | G114: =E114*F114 -> 0
...

Sheet DIV 7 MOISTURE PROTECTION
A1: 07.000 | B1: MOISTURE/THERMAL PROTECTION
A3: 7.13 | B3: Waterproofing/Passive Radon/Termite Treatment
E5: Jerry's | F5: BDB | G5: Stephen&Smith | H5: Company
A6: Base Bid | E6: 8989 | F6: 6356 | G6: 3911 | H6: 0 | J6: Ftg Height | K6: Length | L6: Total SF
A7: 1 | B7: Sump Pumps (2) | E7: =425*2 -> 850 | F7: 650 | G7: 500 | J7: 1 | K7: 45 | L7: =J7*K7 -> 45 | M7: above ground
A8: 2 | B8: Sewer line | E8: incl? | F8: 150 | J8: 3 | K8: 6 | L8: =J8*K8 -> 18 | M8: above ground
A9: 3 | B9: Drainage tile | E9: incl | F9: incl | J9: 5 | K9: 123 | L9: =J9*K9 -> 615 | M9: above ground
A10: 4 | B10: Drainboard | F10: incl? | J10: 10 | K10: 75 | L10: =J10*K10 -> 750
A11: 5 | J11: 11 | K11: 112 | L11: =J11*K11 -> 1232
A12: 6 | J12: 11.5 | K12: 35 | L12: =J12*K12 -> 402.5
A13: 7 | L13: =SUM(L7:L12) -> 3062.5
A14: 8
A15: 9
A16: 10
D17: TOTAL | E17: =SUM(E6:E16) -> 9839 | F17: =SUM(F6:F16) -> 7156 | G17: =SUM(G6:G16) -> 4411 | H17: =SUM(H6:H16) -> 0
A19: 7.21 | B19: Insulation
E21: Neb Bldg Prod | F21: SealRite | G21: BC Drywall | H21: Company
A22: Base Bid | E22: 17333 | F22: 0 | G22: 9750 | H22: 0
A23: 1 | B23: Insulate at basement concrete walls (unfinished) | E23: 2853
A24: 2 | B24: joists between 1st and 2nd floor | E24: 6213
A25: 3 | B25: garage walls | E25: 1191
A26: 4 | B26: garage attic | E26: 895
A27: 5 | B27: house attic upgrade from R38 to R-49 | E27: 1046
A28: 6 | B28: dining attic upgrade from R38 to R-49 | E28: 32
A29: 7
A30: 8
A31: 9
A32: 10
D33: TOTAL | E33: =SUM(E22:E32) -> 29563 | F33: =SUM(F22:F32) -> 0 | G33: =SUM(G22:G32) -> 9750 | H33: =SUM(H22:H32) -> 0
A35: 7.25 | B35: Stucco System
E37: Czech | F37: FireplaceStone | G37: Company | H37: Company
A38: Base Bid | E38: 23370 | F38: 19014 | G38: 0 | H38: 0
A39: 1
A40: 2
A41: 3
A42: 4
A43: 5
A44: 6
A45: 7
A46: 8
A47: 9
A48: 10
D49: TOTAL | E49: =SUM(E38:E48) -> 23370 | F49: =SUM(F38:F48) -> 19014 | G49: =SUM(G38:G48) -> 0 | H49: =SUM(H38:H48) -> 0
A51: 7.3 | B51: Roofing
E53: Rooferees | F53: Bradco | G53: Company | H53: Company
A54: Base Bid | E54: 88463 | F54: 59032 | G54: 0 | H54: 0
A55: 1 | B55: barrel roof (allowance) | F55: 5000
A56: 2
A57: 3
A58: 4
A59: 5
A60: 6
A61: 7
A62: 8
A63: 9
A64: 10
D65: TOTAL | E65: =SUM(E54:E64) -> 88463 | F65: =SUM(F54:F64) -> 64032 | G65: =SUM(G54:G64) -> 0 | H65: =SUM(H54:H64) -> 0
A67: 7.455 | B67: Siding
E69: Company | F69: Company | G69: Company | H69: Company
A70: Base Bid | E70: 0 | F70: 0 | G70: 0 | H70: 0
A71: 1
A72: 2
A73: 3
A74: 4
A75: 5
A76: 6
A77: 7
A78: 8
A79: 9
A80: 10
D81: TOTAL | E81: =SUM(E70:E80) -> 0 | F81: =SUM(F70:F80) -> 0 | G81: =SUM(G70:G80) -> 0 | H81: =SUM(H70:H80) -> 0
A83: 7.469 | B83: Exterior Carsiding
E85: Company | F85: Company | G85: Company | H85: Company
A86: Base Bid | E86: 0 | F86: 0 | G86: 0 | H86: 0
A87: 1
A88: 2
A89: 3
A90: 4
A91: 5
A92: 6
A93: 7
A94: 8
A95: 9
A96: 10
D97: TOTAL | E97: =SUM(E86:E96) -> 0 | F97: =SUM(F86:F96) -> 0 | G97: =SUM(G86:G96) -> 0 | H97: =SUM(H86:H96) -> 0
A99: 7.6 | B99: Flashing/Brickledge
E101: Company | F101: Company | G101: Company | H101: Company
A102: Base Bid | E102: 0 | F102: 0 | G102: 0 | H102: 0
A103: 1
A104: 2
A105: 3
A106: 4
A107: 5
A108: 6
A109: 7
A110: 8
A111: 9
A112: 10
D113: TOTAL | E113: =SUM(E102:E112) -> 0 | F113: =SUM(F102:F112) -> 0 | G113: =SUM(G102:G112) -> 0 | H113: =SUM(H102:H112) -> 0
A115: 7.63 | B115: Gutters/Downspouts
...

Sheet DIV 8 OPENINGS
A1: 08.000 | B1: OPENINGS
A3: 8.14 | B3: Interior Wood Doors
E5: SE Smith | F5: Christensen | G5: Taylor Made | H5: Company
A6: Base Bid | E6: 0 | F6: 0 | G6: 0 | H6: 0
B7: Main Floor - Karona | E7: 12372.27
B8: Upgrade - glass at Contemplation Doors | E8: 1900
B9: Upper floor - Karona | E9: 7156.94
B10: Upgrade - exterior frame at UL furnace | E10: 500
B11: taxes | E11: =SUM(E7+E8+E9+E10)*0.07 -> 1535.0447
B12: shims/misc. | E12: 250
B13: delivery | E13: 300
D19: TOTAL | E19: =SUM(E6:E18) -> 24014.255 | F19: =SUM(F6:F18) -> 0 | G19: =SUM(G6:G18) -> 0 | H19: =SUM(H6:H18) -> 0
A21: 8.178 | B21: Front Door
E23: Company | F23: Company | G23: Company | H23: Company
A24: Base Bid | E24: 0 | F24: 0 | G24: 0 | H24: 0
A25: 1
A26: 2
A27: 3
A28: 4
A29: 5
A30: 6
A31: 7
A32: 8
A33: 9
A34: 10
D35: TOTAL | E35: =SUM(E24:E34) -> 0 | F35: =SUM(F24:F34) -> 0 | G35: =SUM(G24:G34) -> 0 | H35: =SUM(H24:H34) -> 0
A37: 8.184 | B37: Pet Door
E39: Company | F39: Company | G39: Company | H39: Company
A40: Base Bid | E40: 0 | F40: 0 | G40: 0 | H40: 0
A41: 1
A42: 2
A43: 3
A44: 4
A45: 5
A46: 6
A47: 7
A48: 8
A49: 9
A50: 10
D51: TOTAL | E51: =SUM(E40:E50) -> 0 | F51: =SUM(F40:F50) -> 0 | G51: =SUM(G40:G50) -> 0 | H51: =SUM(H40:H50) -> 0
A53: 8.385 | B53: Garage Doors
E55: AAA | F55: ODW | G55: Company | H55: Company
A56: Base Bid | E56: 6959 | F56: 7179 | G56: 0 | H56: 0
A57: 1
A58: 2
A59: 3
A60: 4
A61: 5
A62: 6
A63: 7
A64: 8
A65: 9
A66: 10
D67: TOTAL | E67: =SUM(E56:E66) -> 6959 | F67: =SUM(F56:F66) -> 7179 | G67: =SUM(G56:G66) -> 0 | H67: =SUM(H56:H66) -> 0
A69: 8.5 | B69: Windows
E71: Pella | F71: Company | G71: Company | H71: Company
A72: Base Bid | E72: 113478.94 | F72: 0 | G72: 0 | H72: 0
A73: 1
A74: 2
A75: 3
A76: 4
A77: 5
A78: 6
A79: 7
A80: 8
A81: 9
A82: 10
D83: TOTAL | E83: =SUM(E72:E82) -> 113478.94 | F83: =SUM(F72:F82) -> 0 | G83: =SUM(G72:G82) -> 0 | H83: =SUM(H72:H82) -> 0
A85: 8.6 | B85: Roof Windows/Skylights/Sun Tunnel
E87: Company | F87: Company | G87: Company | H87: Company
A88: Base Bid | E88: 0 | F88: 0 | G88: 0 | H88: 0
A89: 1
A90: 2
A91: 3
A92: 4
A93: 5
A94: 6
A95: 7
A96: 8
A97: 9
A98: 10
D99: TOTAL | E99: =SUM(E88:E98) -> 0 | F99: =SUM(F88:F98) -> 0 | G99: =SUM(G88:G98) -> 0 | H99: =SUM(H88:H98) -> 0
A101: 8.817 | B101: Mirrors/Glass Inserts/Shower Doors
E103: Company | F103: Company | G103: Company | H103: Company
A104: Main Level
B105: Location | C105: ALLOWANCE | D105: TYPE
B106: Location | C106: ALLOWANCE | D106: TYPE
B107: Location | C107: ALLOWANCE | D107: TYPE
B108: Location | C108: ALLOWANCE | D108: TYPE
B109: Location | C109: ALLOWANCE | D109: TYPE
B110: Location | C110: ALLOWANCE | D110: TYPE
B111: Location | C111: ALLOWANCE | D111: TYPE
B112: Location | C112: ALLOWANCE | D112: TYPE
B113: Location | C113: ALLOWANCE | D113: TYPE
A115: Lower Level
B116: Location | C116: ALLOWANCE | D116: TYPE
B117: Location | C117: ALLOWANCE | D117: TYPE
B118: Location | C118: ALLOWANCE | D118: TYPE
A120: Upper Level
B121: Location | C121: ALLOWANCE | D121: TYPE
...

Sheet DIV 9 FINISHES
A1: 09.000 | B1: FINISHES
A3: 9.2 | B3: Drywall
E5: BC Drywall | F5: Freedom | G5: Christiansen | H5: Company
A6: Base Bid | E6: 38325 | F6: 44698 | G6: 48300 | H6: 0
A7: 1 | B7: drywall returns | E7: 1200
A8: 2 | B8: drywall perimeter walls in basement | E8: 2500
A9: 3 | B9: 5/8" drywall at ceilings | E9: 1000
A10: 4
A11: 5
A12: 6
A13: 7
A14: 8
A15: 9
A16: 10
D17: TOTAL | E17: =SUM(E6:E16) -> 43025 | F17: =SUM(F6:F16) -> 44698 | G17: =SUM(G6:G16) -> 48300 | H17: =SUM(H6:H16) -> 0
A19: 9.3 | B19: Tile
B21: Floor Tile
I23: TOTAL | J23: =J25+J32+J39+J46+J54+J61 -> 0
B25: LL Bath 009 | J25: =SUM(J26:J31) -> 0 | K25: ALTERNATE
E26: Tile Material | F26: ALLOWANCE | H26: 8 | I26: SF | J26: =G26*H26 -> 0
E27: Labor/Setting Materials | F27: ALLOWANCE | H27: 21 | I27: SF | J27: =G27*H27 -> 0
E28: Delivery | F28: ALLOWANCE | H28: 75 | I28: EA | J28: =G28*H28 -> 0
E29: Sealer | F29: ALLOWANCE | H29: 1.5 | I29: SF | J29: =G29*H29 -> 0
E30: Self Leveling | F30: ALLOWANCE | H30: 5 | I30: SF | J30: =G30*H30 -> 0
B32: Location | J32: =SUM(J33:J38) -> 0
E33: Tile Material | F33: ALLOWANCE | G33: 0 | H33: 8 | I33: SF | J33: =G33*H33 -> 0
E34: Labor/Setting Materials | F34: ALLOWANCE | G34: 0 | H34: 21 | I34: SF | J34: =G34*H34 -> 0
E35: Delivery | F35: ALLOWANCE | G35: 0 | H35: 75 | I35: EA | J35: =G35*H35 -> 0
E36: Sealer | F36: ALLOWANCE | G36: 0 | H36: 1.5 | I36: SF | J36: =G36*H36 -> 0
E37: Self Leveling | F37: ALLOWANCE | G37: 0 | H37: 5 | I37: SF | J37: =G37*H37 -> 0
B39: Location | J39: =SUM(J40:J45) -> 0
E40: Tile Material | F40: ALLOWANCE | G40: 0 | H40: 8 | I40: SF | J40: =G40*H40 -> 0
E41: Labor/Setting Materials | F41: ALLOWANCE | G41: 0 | H41: 21 | I41: SF | J41: =G41*H41 -> 0
E42: Delivery | F42: ALLOWANCE | G42: 0 | H42: 75 | I42: EA | J42: =G42*H42 -> 0
E43: Sealer | F43: ALLOWANCE | G43: 0 | H43: 1.5 | I43: SF | J43: =G43*H43 -> 0
E44: Self Leveling | F44: ALLOWANCE | G44: 0 | H44: 5 | I44: SF | J44: =G44*H44 -> 0
B46: Location | J46: =SUM(J47:J53) -> 0
E47: Tile Material | F47: ALLOWANCE | G47: 0 | H47: 8 | I47: SF | J47: =G47*H47 -> 0
E48: Labor/Setting Materials | F48: ALLOWANCE | G48: 0 | H48: 21 | I48: SF | J48: =G48*H48 -> 0
E49: Delivery | F49: ALLOWANCE | G49: 0 | H49: 75 | I49: EA | J49: =G49*H49 -> 0
E50: Sealer | F50: ALLOWANCE | G50: 0 | H50: 1.5 | I50: SF | J50: =G50*H50 -> 0
E51: Self Leveling | F51: ALLOWANCE | G51: 0 | H51: 5 | I51: SF | J51: =G51*H51 -> 0
E52: In-Floor Heat | F52: ALLOWANCE | G52: 0 | H52: 20 | I52: SF | J52: =G52*H52 -> 0
B54: Location | J54: =SUM(J55:J60) -> 0
E55: Tile Material | F55: ALLOWANCE | G55: 0 | H55: 8 | I55: SF | J55: =G55*H55 -> 0
E56: Labor/Setting Materials | F56: ALLOWANCE | G56: 0 | H56: 21 | I56: SF | J56: =G56*H56 -> 0
E57: Delivery | F57: ALLOWANCE | G57: 0 | H57: 75 | I57: EA | J57: =G57*H57 -> 0
E58: Sealer | F58: ALLOWANCE | G58: 0 | H58: 1.5 | I58: SF | J58: =G58*H58 -> 0
E59: Anti-fracture Membrane | F59: ALLOWANCE | G59: 0 | H59: 2 | I59: SF | J59: =G59*H59 -> 0
B61: Location | J61: =SUM(J62:J67) -> 0
E62: Tile Material | F62: ALLOWANCE | G62: 0 | H62: 8 | I62: SF | J62: =G62*H62 -> 0
E63: Labor/Setting Materials | F63: ALLOWANCE | G63: 0 | H63: 21 | I63: SF | J63: =G63*H63 -> 0
E64: Delivery | F64: ALLOWANCE | G64: 0 | H64: 75 | I64: EA | J64: =G64*H64 -> 0
E65: Sealer | F65: ALLOWANCE | G65: 0 | H65: 1.5 | I65: SF | J65: =G65*H65 -> 0
E66: Anti-fracture Membrane | F66: ALLOWANCE | G66: 0 | H66: 2 | I66: SF | J66: =G66*H66 -> 0
B68: Tile Backsplash
I70: TOTAL | J70: =J72+J79+J86+J93+J100 -> 0
B72: Location | J72: =SUM(J73:J78) -> 0
E73: Field Tile | F73: ALLOWANCE | G73: 0 | H73: 15 | I73: SF | J73: =G73*H73 -> 0
E74: Deco | F74: ALLOWANCE | G74: 0 | H74: 275 | I74: EA | J74: =G74*H74 -> 0
E75: Labor/Setting Materials | F75: ALLOWANCE | G75: 0 | H75: 32 | I75: SF | J75: =G75*H75 -> 0
E76: Delivery | F76: ALLOWANCE | G76: 0 | H76: 50 | I76: EA | J76: =G76*H76 -> 0
E77: Sealer / Caulk | F77: ALLOWANCE | G77: 0 | H77: 1.5 | I77: SF | J77: =G77*H77 -> 0
B79: Location | J79: =SUM(J80:J85) -> 0
E80: Field Tile | F80: ALLOWANCE | G80: 0 | H80: 15 | I80: SF | J80: =G80*H80 -> 0
E81: Deco | F81: ALLOWANCE | G81: 0 | H81: 275 | I81: EA | J81: =G81*H81 -> 0
E82: Labor/Setting Materials | F82: ALLOWANCE | G82: 0 | H82: 32 | I82: SF | J82: =G82*H82 -> 0
E83: Delivery | F83: ALLOWANCE | G83: 0 | H83: 50 | I83: EA | J83: =G83*H83 -> 0
E84: Sealer / Caulk | F84: ALLOWANCE | G84: 0 | H84: 1.5 | I84: SF | J84: =G84*H84 -> 0
B86: Location | J86: =SUM(J87:J92) -> 0
E87: Field Tile | F87: ALLOWANCE | G87: 0 | H87: 15 | I87: SF | J87: =G87*H87 -> 0
E88: Deco | F88: ALLOWANCE | G88: 0 | H88: 275 | I88: EA | J88: =G88*H88 -> 0
E89: Labor/Setting Materials | F89: ALLOWANCE | G89: 0 | H89: 32 | I89: SF | J89: =G89*H89 -> 0
E90: Delivery | F90: ALLOWANCE | G90: 0 | H90: 50 | I90: EA | J90: =G90*H90 -> 0
E91: Sealer / Caulk | F91: ALLOWANCE | G91: 0 | H91: 1.5 | I91: SF | J91: =G91*H91 -> 0
B93: Location | J93: =SUM(J94:J99) -> 0
E94: Field Tile | F94: ALLOWANCE | G94: 0 | H94: 15 | I94: SF | J94: =G94*H94 -> 0
E95: Deco | F95: ALLOWANCE | G95: 0 | H95: 275 | I95: EA | J95: =G95*H95 -> 0
E96: Labor/Setting Materials | F96: ALLOWANCE | G96: 0 | H96: 32 | I96: SF | J96: =G96*H96 -> 0
E97: Delivery | F97: ALLOWANCE | G97: 0 | H97: 50 | I97: EA | J97: =G97*H97 -> 0
E98: Sealer / Caulk | F98: ALLOWANCE | G98: 0 | H98: 1.5 | I98: SF | J98: =G98*H98 -> 0
B100: Location | J100: =SUM(J101:J106) -> 0
E101: Field Tile | F101: ALLOWANCE | G101: 0 | H101: 15 | I101: SF | J101: =G101*H101 -> 0
E102: Deco | F102: ALLOWANCE | G102: 0 | H102: 275 | I102: EA | J102: =G102*H102 -> 0
E103: Labor/Setting Materials | F103: ALLOWANCE | G103: 0 | H103: 32 | I103: SF | J103: =G103*H103 -> 0
E104: Delivery | F104: ALLOWANCE | G104: 0 | H104: 50 | I104: EA | J104: =G104*H104 -> 0
E105: Sealer / Caulk | F105: ALLOWANCE | G105: 0 | H105: 1.5 | I105: SF | J105: =G105*H105 -> 0
B107: Wall Tile/Columns
I109: TOTAL | J109: =J111 -> 0
B111: Location | J111: =SUM(J112:J116) -> 0
E112: Field Tile | F112: ALLOWANCE | G112: 0 | H112: 35 | I112: SF | J112: =G112*H112 -> 0
E113: Labor/Setting Materials | F113: ALLOWANCE | G113: 0 | H113: 32 | I113: SF | J113: =G113*H113 -> 0
E114: Delivery | F114: ALLOWANCE | G114: 0 | H114: 50 | I114: EA | J114: =G114*H114 -> 0
E115: Sealer / Caulk | F115: ALLOWANCE | G115: 0 | H115: 1.5 | I115: SF | J115: =G115*H115 -> 0
B117: Shower/Tub Tile
I119: TOTAL | J119: =J121+J135+J148+J161+J174 -> 0
B121: Location | J121: =SUM(J122:J134) -> 0
E122: Field Tile | F122: ALLOWANCE | G122: 0 | H122: 12 | I122: SF | J122: =G122*H122 -> 0
E123: Deco Tile | F123: ALLOWANCE | G123: 0 | H123: 400 | I123: EA | J123: =G123*H123 -> 0
E124: Ceiling Tile | F124: ALLOWANCE | G124: 0 | H124: 12 | I124: SF | J124: =G124*H124 -> 0
...

Sheet DIV 10 SPECIALTIES
A1: 10.000 | B1: SPECIALTIES
A3: 10.05 | B3: Finish Hardware Allowance
B5: Cabinet Hardware
B6: POWDER BATH | D6: DOORS/DRAWERS | F6: 0 | G6: 10 | H6: =F6*G6 -> 0
B8: SERVICE ENTRY | D8: DOORS/DRAWERS | F8: 0 | G8: 10 | H8: =F8*G8 -> 0
D9: HOOKS | F9: 0 | G9: 10 | H9: =F9*G9 -> 0
B11: PRIMARY BATH | D11: DOORS/DRAWERS | F11: 0 | G11: 10 | H11: =F11*G11 -> 0
B13: PRIMARY WARDROBE | D13: DOORS/DRAWERS | F13: 0 | G13: 10 | H13: =F13*G13 -> 0
B15: GREAT ROOM | D15: DOORS/DRAWERS | F15: 0 | G15: 10 | H15: =F15*G15 -> 0
B17: KITCHEN ISLAND | D17: DOORS/DRAWERS | F17: 0 | G17: 10 | H17: =F17*G17 -> 0
B19: KITCHEN | D19: DOORS/DRAWERS | F19: 0 | G19: 10 | H19: =F19*G19 -> 0
D20: APPLIANCE PULLS | F20: 0 | G20: 350 | H20: =F20*G20 -> 0
B22: PANTRY | D22: DOORS/DRAWERS | F22: 0 | G22: 10 | H22: =F22*G22 -> 0
B24: LAUNDRY | D24: DOORS/DRAWERS | F24: 0 | G24: 10 | H24: =F24*G24 -> 0
B26: BATHROOM | D26: DOORS/DRAWERS | F26: 0 | G26: 10 | H26: =F26*G26 -> 0
B28: BATHROOM | D28: DOORS/DRAWERS | F28: 0 | G28: 10 | H28: =G28*F28 -> 0
B30: BATHROOM | D30: DOORS/DRAWERS | F30: 0 | G30: 10 | H30: =G30*F30 -> 0
B32: BAR | D32: DOORS/DRAWERS | F32: 0 | G32: 10 | H32: =G32*F32 -> 0
B34: GARAGE | D34: DOORS/DRAWERS | F34: 0 | G34: 10 | H34: =G34*F34 -> 0
B36: OUTDOOR | D36: DOORS/DRAWERS | F36: 0 | G36: 10 | H36: =G36*F36 -> 0
G37: SUBTOTAL | H37: =SUM(H6:H36) -> 0
G38: FREIGHT | H38: 100
G39: 7% TAX | H39: =(H37+H38)*0.07 -> 7
G40: TOTAL | H40: =SUM(H37:H39) -> 107
B42: Door Hardware
B43: LOCATION | F43: QTY | G43: UNIT COST | H43: SUBTOTAL
B44: Lower Level
B45: DOOR LEVERS (PASSAGE/PRIVACY) | E45: Schlage Custom | F45: 0 | G45: 95 | H45: =F45*G45 -> 0
B46: DUMMIES | E46: Schlage Custom | F46: 0 | G46: 445 | H46: =F46*G46 -> 0
B47: POCKET DOOR | E47: Emtek | F47: 0 | G47: 275 | H47: =F47*G47 -> 0
B48: 3 1/2" HINGES - per pair | F48: 0 | G48: 14 | H48: =F48*G48 -> 0
B49: 4" HINGES - per pair | F49: 0 | G49: 18 | H49: =F49*G49 -> 0
B50: HINGE DOOR STOP | F50: 0 | G50: 10 | H50: =F50*G50 -> 0
B51: BASE DOOR STOP | F51: 0 | G51: 15 | H51: =F51*G51 -> 0
B53: Main Level
B54: FRONT DOOR HARDWARE | F54: 0 | G54: 600 | H54: =F54*G54 -> 0
B55: PATIO - MULTIPOINT | E55: Emtek | F55: 0 | G55: 575 | H55: =F55*G55 -> 0
B56: DOOR LEVERS (PASSAGE/PRIVACY) | E56: Emtek | F56: 0 | G56: 187 | H56: =F56*G56 -> 0
B57: DEADBOLTS (AT GARAGE) | E57: Emtek | F57: 0 | G57: 100 | H57: =F57*G57 -> 0
B58: DUMMIES | E58: Emtek | F58: 0 | G58: 187 | H58: =F58*G58 -> 0
B59: POCKET DOOR | E59: Emtek | F59: 0 | G59: 275 | H59: =F59*G59 -> 0
B60: BARN DOORS | F60: 0 | G60: 325 | H60: =F60*G60 -> 0
B61: BI-FOLD KNOBS | F61: 0 | G61: 25 | H61: =F61*G61 -> 0
B62: 3 1/2" HINGES - per pair | F62: 0 | G62: 14 | H62: =F62*G62 -> 0
B63: 4" HINGES - per pair | F63: 0 | G63: 50 | H63: =F63*G63 -> 0
B64: SPRING HINGE | F64: 0 | G64: 85.6 | H64: =F64*G64 -> 0
B65: HINGE DOOR STOP | F65: 0 | G65: 10 | H65: =F65*G65 -> 0
B66: BASE DOOR STOP | F66: 0 | G66: 15 | H66: =F66*G66 -> 0
B67: FLOOR STOP | F67: 0 | G67: 50 | H67: =F67*G67 -> 0
B69: Upper Level
B70: DOOR LEVERS (PASSAGE/PRIVACY) | F70: 0 | G70: 95 | H70: =$F70*$G70 -> 0
B71: DUMMIES | E71: Schlage Custom | F71: 0 | G71: 445 | H71: =$F71*$G71 -> 0
B72: POCKET DOOR | E72: Emtek | F72: 0 | G72: 275 | H72: =$F72*$G72 -> 0
B73: 3 1/2" HINGES - per pair | F73: 0 | G73: 14 | H73: =$F73*$G73 -> 0
B74: 4" HINGES - per pair | F74: 0 | G74: 18 | H74: =$F74*$G74 -> 0
B75: HINGE DOOR STOP | F75: 0 | G75: 10 | H75: =$F75*$G75 -> 0
B76: BASE DOOR STOP | F76: 0 | G76: 15 | H76: =$F76*$G76 -> 0
G77: SUBTOTAL | H77: =SUM(H45:H76) -> 0
G78: FREIGHT | H78: 100
G79: 7% TAX | H79: =(H77+H78)*0.07 -> 7
G80: TOTAL | H80: =SUM(H77:H79) -> 107
B82: Bath Accessories
B83: POWDER BATH
D84: TOILET PAPER HOLDERS | F84: 0 | G84: 75 | H84: =F84*G84 -> 0
D85: TOWEL RINGS | F85: 0 | G85: 75 | H85: =F85*G85 -> 0
B86: PRIMARY BATH
D87: TOILET PAPER HOLDERS | F87: 0 | G87: 75 | H87: =F87*G87 -> 0
D88: TOWEL BARS | F88: 0 | G88: 100 | H88: =F88*G88 -> 0
D89: TOWEL RINGS | F89: 0 | G89: 75 | H89: =F89*G89 -> 0
D90: ROBE HOOKS | F90: 0 | G90: 35 | H90: =F90*G90 -> 0
B91: BATHROOM
D92: TOILET PAPER HOLDERS | F92: 0 | G92: 75 | H92: =F92*G92 -> 0
D93: TOWEL BAR | F93: 0 | G93: 100 | H93: =F93*G93 -> 0
D94: TOWEL RINGS | F94: 0 | G94: 75 | H94: =F94*G94 -> 0
D95: ROBE HOOKS | F95: 0 | G95: 35 | H95: =F95*G95 -> 0
B96: BATHROOM
D97: TOILET PAPER HOLDERS | F97: 0 | G97: 75 | H97: =F97*G97 -> 0
D98: TOWEL BARS | F98: 0 | G98: 100 | H98: =F98*G98 -> 0
D99: TOWEL RINGS | F99: 0 | G99: 75 | H99: =F99*G99 -> 0
D100: ROBE HOOKS | F100: 0 | G100: 35 | H100: =F100*G100 -> 0
B101: BATHROOM
D102: TOILET PAPER HOLDERS | F102: 0 | G102: 75 | H102: =F102*G102 -> 0
D103: TOWEL BARS | F103: 0 | G103: 100 | H103: =F103*G103 -> 0
D104: TOWEL RINGS | F104: 0 | G104: 75 | H104: =F104*G104 -> 0
D105: ROBE HOOKS | F105: 0 | G105: 35 | H105: =F105*G105 -> 0
G106: SUBTOTAL | H106: =SUM(H84:H105) -> 0
G107: FREIGHT | H107: 100
G108: 7% TAX | H108: =(H106+H107)*0.07 -> 7
G109: TOTAL | H109: =SUM(H106:H108) -> 107
G111: TOTAL ALL ACCESSORIES | H111: =H109+H80+H40 -> 321
G112: TOTAL LABOR | H112: 0
A114: 10.14 | B114: Address Numbers
E116: Company | F116: Company | G116: Company | H116: Company
A117: Base Bid | E117: 0 | F117: 0 | G117: 0 | H117: 0
A118: 1
A119: 2
A120: 3
A121: 4
A122: 5
A123: 6
...

Sheet DIV 11 EQUIPMENT
A1: 11.000 | B1: EQUIPMENT
A3: 11.302 | B3: Appliances Allowance
E5: Ferguson | F5: Company | G5: Company | H5: Company
A6: Base Bid | E6: 0 | F6: 0 | G6: 0 | H6: 0
B7: KITCHEN
B8: Kitchen hood | E8: 1509
B9: Kitchen range | E9: 12704
B10: Kitchen oven | E10: 7099
B11: Kitchen STEAM OVEN | E11: 8134
B12: Kitchen dishwasher | E12: 2919
B13: Kitchen fridge | E13: =10649+26.22 -> 10675.22
B14: Kitchen freezer | E14: =9549+299 -> 9848
B15: built in column install | E15: 380
B16: PANTRY
B17: Pantry ice maker (PLUG) | E17: 3000
B18: Pantry fridge/freezer combo | E18: =2079.98+26.22+95 -> 2201.2
B19: Pantry Microwave (PLUG) | E19: 750
B20: PATIO
B21: Patio hood | E21: 3139
B22: Patio grill | E22: 3699
B23: LAUNDRY
B24: Laundry washer main | E24: =1079.98+40+49.88 -> 1169.86
B25: Laundry dryer main | E25: =1079.98+40+65.39+20+20.55+40 -> 1265.92
B26: Steamer | E26: =1599.98+100 -> 1699.98
B27: Laundry washer/dryer stack upstairs | E27: =2199.98+100 -> 2299.98
B28: Delivery | E28: 190
B29: SUBTOTAL | E29: =SUM(E8:E28) -> 72683.16
B30: TAX | E30: =SUM(E29)*0.07 -> 5087.8212
D31: TOTAL | E31: =SUM(E29:E30) -> 77770.981 | F31: =SUM(F6:F30) -> 0 | G31: =SUM(G6:G30) -> 0 | H31: =SUM(H6:H30) -> 0
A33: 11.52 | B33: TV's Allowance
E35: Company | F35: Company | G35: Company | H35: Company
A36: Base Bid | E36: 0 | F36: 0 | G36: 0 | H36: 0
A37: 1
A38: 2
A39: 3
A40: 4
A41: 5
A42: 6
A43: 7
A44: 8
A45: 9
A46: 10
D47: TOTAL | E47: =SUM(E36:E46) -> 0 | F47: =SUM(F36:F46) -> 0 | G47: =SUM(G36:G46) -> 0 | H47: =SUM(H36:H46) -> 0
A49: 11.66 | B49: Athletic Equipment
E51: Company | F51: Company | G51: Company | H51: Company
A52: Base Bid | E52: 0 | F52: 0 | G52: 0 | H52: 0
A53: 1
A54: 2
A55: 3
A56: 4
A57: 5
A58: 6
A59: 7
A60: 8
A61: 9
A62: 10
D63: TOTAL | E63: =SUM(E52:E62) -> 0 | F63: =SUM(F52:F62) -> 0 | G63: =SUM(G52:G62) -> 0 | H63: =SUM(H52:H62) -> 0
A65: 11.678 | B65: Game Room Equipment (Golf Simulator)
E67: Company | F67: Company | G67: Company | H67: Company
A68: Base Bid | E68: 0 | F68: 0 | G68: 0 | H68: 0
A69: 1
A70: 2
A71: 3
A72: 4
A73: 5
A74: 6
A75: 7
A76: 8
A77: 9
A78: 10
D79: TOTAL | E79: =SUM(E68:E78) -> 0 | F79: =SUM(F68:F78) -> 0 | G79: =SUM(G68:G78) -> 0 | H79: =SUM(H68:H78) -> 0

Sheet DIV 12 FURNISHINGS
A1: 12.000 | B1: FURNISHINGS
A3: 12.17 | B3: Art Glass
E5: Company | F5: Company | G5: Company | H5: Company
A6: Base Bid | E6: 0 | F6: 0 | G6: 0 | H6: 0
A7: 1
A8: 2
A9: 3
A10: 4
A11: 5
A12: 6
A13: 7
A14: 8
A15: 9
A16: 10
D17: TOTAL | E17: =SUM(E6:E16) -> 0 | F17: =SUM(F6:F16) -> 0 | G17: =SUM(G6:G16) -> 0 | H17: =SUM(H6:H16) -> 0
A19: 12.2 | B19: Window Treatments
E21: Company | F21: Company | G21: Company | H21: Company
A22: Base Bid | E22: 0 | F22: 0 | G22: 0 | H22: 0
A23: 1
A24: 2
A25: 3
A26: 4
A27: 5
A28: 6
A29: 7
A30: 8
A31: 9
A32: 10
D33: TOTAL | E33: =SUM(E22:E32) -> 0 | F33: =SUM(F22:F32) -> 0 | G33: =SUM(G22:G32) -> 0 | H33: =SUM(H22:H32) -> 0
A35: 12.25 | B35: Motorized Shades
E37: Company | F37: Company | G37: Company | H37: Company
A38: Base Bid | E38: 0 | F38: 0 | G38: 0 | H38: 0
A39: 1
A40: 2
A41: 3
A42: 4
A43: 5
A44: 6
A45: 7
A46: 8
A47: 9
A48: 10
D49: TOTAL | E49: =SUM(E38:E48) -> 0 | F49: =SUM(F38:F48) -> 0 | G49: =SUM(G38:G48) -> 0 | H49: =SUM(H38:H48) -> 0

Sheet DIV 13 SPECIAL CONST.
A1: 13.000 | B1: SPECIAL CONSTRUCTION
A3: 13.112 | B3: Swimming Pool
E5: Company | F5: Company | G5: Company | H5: Company
A6: Base Bid | E6: 0 | F6: 0 | G6: 0 | H6: 0
A7: 1
A8: 2
A9: 3
A10: 4
A11: 5
A12: 6
A13: 7
A14: 8
A15: 9
A16: 10
D17: TOTAL | E17: =SUM(E6:E16) -> 0 | F17: =SUM(F6:F16) -> 0 | G17: =SUM(G6:G16) -> 0 | H17: =SUM(H6:H16) -> 0
A19: 13.174 | B19: Sauna
E21: Equinox III | F21: Sanctuary 3 | G21: Company | H21: Company
A22: Base Bid | E22: 6999 | F22: 8121 | G22: 0 | H22: 0
A23: 1 | B23: shipping | E23: 1500
A24: 2 | B24: taxes | E24: 489.94
A25: 3
A26: 4
A27: 5 | B27: Labow | E27: 1170 | F27: 1170
A28: 6
A29: 7
A30: 8
A31: 9
A32: 10
D33: TOTAL | E33: =SUM(E22:E32) -> 10158.94 | F33: =SUM(F22:F32) -> 9291 | G33: =SUM(G22:G32) -> 0 | H33: =SUM(H22:H32) -> 0
A35: 13.26 | B35: Storm Shelter Room(s)
E37: Company | F37: Company | G37: Company | H37: Company
A38: Base Bid | E38: 0 | F38: 0 | G38: 0 | H38: 0
A39: 1
A40: 2
A41: 3
A42: 4
A43: 5
A44: 6
A45: 7
A46: 8
A47: 9
A48: 10
D49: TOTAL | E49: =SUM(E38:E48) -> 0 | F49: =SUM(F38:F48) -> 0 | G49: =SUM(G38:G48) -> 0 | H49: =SUM(H38:H48) -> 0
A51: 13.342 | B51: Screen Porch Systems
E53: Company | F53: Company | G53: Company | H53: Company
A54: Base Bid | E54: 0 | F54: 0 | G54: 0 | H54: 0
A55: 1
A56: 2
A57: 3
A58: 4
A59: 5
A60: 6
A61: 7
A62: 8
A63: 9
A64: 10
D65: TOTAL | E65: =SUM(E54:E64) -> 0 | F65: =SUM(F54:F64) -> 0 | G65: =SUM(G54:G64) -> 0 | H65: =SUM(H54:H64) -> 0

Sheet DIV 14 CONVEYING SYSTEMS
A1: 14.000 | B1: CONVEYING SYSTEMS
A3: 14.05 | B3: Elevators
E5: Company | F5: Company | G5: Company | H5: Company
A6: Base Bid | E6: 0 | F6: 0 | G6: 0 | H6: 0
A7: 1
A8: 2
A9: 3
A10: 4
A11: 5
A12: 6
A13: 7
A14: 8
A15: 9
A16: 10
D17: TOTAL | E17: =SUM(E6:E16) -> 0 | F17: =SUM(F6:F16) -> 0 | G17: =SUM(G6:G16) -> 0 | H17: =SUM(H6:H16) -> 0

Sheet DIV 21 FIRE SUPRESSION
A1: 21.000 | B1: FIRE SUPPRESSION
A3: 21.05 | B3: Fire Suppression
E5: Company | F5: Company | G5: Company | H5: Company
A6: Base Bid | E6: 0 | F6: 0 | G6: 0 | H6: 0
A7: 1
A8: 2
A9: 3
A10: 4
A11: 5
A12: 6
A13: 7
A14: 8
A15: 9
A16: 10
D17: TOTAL | E17: =SUM(E6:E16) -> 0 | F17: =SUM(F6:F16) -> 0 | G17: =SUM(G6:G16) -> 0 | H17: =SUM(H6:H16) -> 0

Sheet DIV 22-23 PLUM-HVAC
A1: 22.000 | B1: PLUMBING
A3: 22.05 | B3: Plumbing
E5: TNP | F5: Walvoord | G5: Company | H5: Company
A6: Base Bid | E6: 87294.13 | F6: 0 | G6: 0 | H6: 0
A7: 1 | B7: basement breakout | E7: -3968.81
A8: 2
A9: 3
A10: 4
A11: 5
A12: 6
A13: 7
A14: 8
A15: 9
A16: 10
D17: TOTAL | E17: =SUM(E6:E16) -> 83325.32 | F17: =SUM(F6:F16) -> 0 | G17: =SUM(G6:G16) -> 0 | H17: =SUM(H6:H16) -> 0
A19: 22.322 | B19: Water Filtration System
E21: Futuramic | F21: CleanWaterGuys | G21: Company | H21: Company
A22: Base Bid | E22: 0 | F22: 6066.9 | G22: 0 | H22: 0
A23: 1 | B23: water softener | E23: 4263
A24: 2 | B24: RO | E24: 4289
A25: 3
A26: 4
A27: 5
A28: 6
A29: 7
A30: 8
A31: 9
A32: 10
D33: TOTAL | E33: =SUM(E22:E32) -> 8552 | F33: =SUM(F22:F32) -> 6066.9 | G33: =SUM(G22:G32) -> 0 | H33: =SUM(H22:H32) -> 0
A35: 22.4 | B35: Plumbing Fixtures Allowance
D37: QUANITITY | E37: UNIT COST | F37: SUBTOTAL
B38: KITCHEN
B39: SINK | D39: 1 | E39: 4585.5 | F39: =D39*E39 -> 4585.5
B40: DISPOSAL | D40: 1 | E40: 280.73 | F40: =D40*E40 -> 280.73
B41: BASKET STRAINER | D41: 1 | E41: 42.59 | F41: =D41*E41 -> 42.59
B42: FAUCET | D42: 1 | E42: 913.5 | F42: =D42*E42 -> 913.5
B43: RO FAUCET | D43: 1 | E43: 548.1 | F43: =D43*E43 -> 548.1
B44: SOAP DISPENSER | D44: 1 | E44: 205.54 | F44: =D44*E44 -> 205.54
B45: AIR SWITCH | D45: 1 | E45: 155.3 | F45: =D45*E45 -> 155.3
B46: POT FILLER | D46: 0 | E46: 700 | F46: =D46*E46 -> 0
B48: GARAGE
B49: SINK | D49: 1 | E49: 139.98 | F49: =D49*E49 -> 139.98
B50: FAUCET | D50: 1 | E50: 157.5 | F50: =D50*E50 -> 157.5
B51: BASKET STRAINER | D51: 0 | E51: 70 | F51: =D51*E51 -> 0 | G51: added
B52: DOG SHOWER ( faucet/hardware) | D52: 1 | E52: 422.95 | F52: =D52*E52 -> 422.95
B54: LAUNDRY
B55: SINK | D55: 1 | E55: 531.19 | F55: =D55*E55 -> 531.19
B56: FAUCET | D56: 1 | E56: 635.6 | F56: =D56*E56 -> 635.6
B57: HANDLE | D57: 1 | E57: 144.9 | F57: =D57*E57 -> 144.9
B58: BASKET STRAINER | D58: 1 | E58: 162.4 | F58: =D58*E58 -> 162.4
B60: POWDER BATH
B61: FAUCET | D61: 1 | E61: 507.5 | F61: =D61*E61 -> 507.5
B62: HANDLE | D62: 1 | E62: 203 | F62: =D62*E62 -> 203
B63: POPUP | D63: 1 | E63: 144.2 | F63: =D63*E63 -> 144.2
B64: SINK | D64: 1 | E64: 135.45 | F64: =D64*E64 -> 135.45
B65: TOILET | D65: 1 | E65: 683.11 | F65: =D65*E65 -> 683.11
B66: SEAT/TRIP LEVER | D66: 1 | E66: 61.56 | F66: =D66*E66 -> 61.56
B68: PRIMARY BATH
B69: FAUCETS | D69: 2 | E69: 689.5 | F69: =D69*E69 -> 1379
B70: HANDLE | D70: 2 | E70: 255.5 | F70: =D70*E70 -> 511
B71: POPUP | D71: 2 | E71: 144.2 | F71: =D71*E71 -> 288.4
B72: SINK | D72: 2 | E72: 103.95 | F72: =D72*E72 -> 207.9
B73: SOAKER TUB | D73: 1 | E73: 5869.5 | F73: =D73*E73 -> 5869.5
B74: TUB FILLER Body | D74: 1 | E74: 1015.7 | F74: =D74*E74 -> 1015.7
B75: TUB FILLER Trim | D75: 1 | E75: 1208.2 | F75: =D75*E75 -> 1208.2
B76: TUB FILLER Unions | D76: 1 | E76: 1687.7 | F76: =D76*E76 -> 1687.7
B77: TUB FILLER Rough-in | D77: 1 | E77: 631.4 | F77: =D77*E77 -> 631.4
B78: SHOWER VALVE/TRIM | D78: 1 | E78: 634.2 | F78: =D78*E78 -> 634.2
B79: SHOWER VALVE/TRIM | D79: 1 | E79: 242.9 | F79: =D79*E79 -> 242.9
B80: SHOWER VALVE Rough in | D80: 1 | E80: 349.3 | F80: =D80*E80 -> 349.3
... B90: SEAT/TRIP LEVER | D90: 1 | E90: 61.56 | F90: =D90*E90 -> 61.56
B92: BATHROOM 2
B93: FAUCET | D93: 3 | E93: 986.3 | F93: =D93*E93 -> 2958.9
B94: POPUP | D94: 3 | E94: 144.2 | F94: =D94*E94 -> 432.6
B95: SINK SS | D95: 3 | E95: 103.95 | F95: =D95*E95 -> 311.85
B96: SHOWER VALVE | D96: 1 | E96: 290.5 | F96: =D96*E96 -> 290.5
B97: SHOWER TRIM | D97: 1 | E97: 193.2 | F97: =D97*E97 -> 193.2
B98: SHOWER Rough in | D98: 1 | E98: 83.3 | F98: =D98*E98 -> 83.3
B99: SHOWER HEAD 5" | D99: 1 | E99: 284.2 | F99: =D99*E99 -> 284.2
B100: SHOWER ARM | D100: 1 | E100: 128.1 | F100: =D100*E100 -> 128.1
B101: DRAIN | D101: 1 | E101: 107.89 | F101: =D101*E101 -> 107.89
B102: TOILET | D102: 1 | E102: 683.11 | F102: =D102*E102 -> 683.11
B103: SEAT/TRIP LEVER | D103: 1 | E103: 61.56 | F103: =D103*E103 -> 61.56
B105: BATHROOM 3
B106: FAUCET | D106: 1 | E106: 986.3 | F106: =D106*E106 -> 986.3
B107: POPUP | D107: 1 | E107: 144.2 | F107: =D107*E107 -> 144.2
B108: SINK SS | D108: 1 | E108: 103.95 | F108: =D108*E108 -> 103.95
B109: SHOWER VALVE | D109: 1 | E109: 290.5 | F109: =D109*E109 -> 290.5
B110: SHOWER TRIM | D110: 1 | E110: 193.2 | F110: =D110*E110 -> 193.2
B111: SHOWER Rough in | D111: 1 | E111: 83.3 | F111: =D111*E111 -> 83.3
B112: SHOWER HEAD 5" | D112: 1 | E112: 284.2 | F112: =D112*E112 -> 284.2
B113: SHOWER ARM | D113: 1 | E113: 128.1 | F113: =D113*E113 -> 128.1
B114: DRAIN | D114: 1 | E114: 107.89 | F114: =D114*E114 -> 107.89
B115: TOILET | D115: 1 | E115: 683.11 | F115: =D115*E115 -> 683.11
B116: SEAT/TRIP LEVER | D116: 1 | E116: 61.56 | F116: =D116*E116 -> 61.56
E118: SUBTOTAL | F118: =SUM(F39:F116) -> 37923.38
E119: FREIGHT | F119: 375
E120: 7% TAX | F120: =(F118+F119)*0.07 -> 2680.8866
E121: TOTAL | F121: =SUM(F118:F120) -> 40979.267 | G121: BASE
B122: AIRMADA SHOWER DRYING SYSTEM
...

Sheet DIV 26-28 ELEC. - LV
A1: 26.000 | B1: ELECTRICAL
A3: 26.05 | B3: Electrical Service & Wiring
E5: Custom | F5: Victory | G5: Company | H5: Company
A6: Base Bid | E6: 87275 | F6: 56680 | G6: 0 | H6: 0
A7: 1 | B7: Patio motorized screen | E7: 100 | F7: 150
A8: 2 | B8: Lutron labor | E8: 12000 | F8: 4000
A9: 3 | B9: garage heaters | E9: 2700 | F9: 4500
A10: 4 | B10: deck heater | E10: 2000 | F10: 2065
A11: 5
A12: 6
A13: 7
A14: 8
A15: 9
A16: 10
D17: TOTAL | E17: =SUM(E6:E16) -> 104075 | F17: =SUM(F6:F16) -> 67395 | G17: =SUM(G6:G16) -> 0 | H17: =SUM(H6:H16) -> 0
A19: 26.41 | B19: Lightning Protection
E21: Company | F21: Company | G21: Company | H21: Company
A22: Base Bid | E22: 0 | F22: 0 | G22: 0 | H22: 0
A23: 1
A24: 2
A25: 3
A26: 4
A27: 5
A28: 6
A29: 7
A30: 8
A31: 9
A32: 10
D33: TOTAL | E33: =SUM(E22:E32) -> 0 | F33: =SUM(F22:F32) -> 0 | G33: =SUM(G22:G32) -> 0 | H33: =SUM(H22:H32) -> 0
A35: 26.505 | B35: Light Fixtures Allowance
B37: *ALLOWANCE UNIT COSTS INCLUDE ALL BULBS
B38: LOCATION | D38: TYPE | F38: QTY | G38: UNIT PRICE | H38: SUBTOTAL
B39: Main Level
B40: FOYER | D40: CEILING MOUNT | F40: 0 | G40: 500 | H40: =F40*G40 -> 0
B41: DINING | D41: CEILING MOUNT | F41: 0 | G41: 1000 | H41: =F41*G41 -> 0
B42: POWDER BATH | D42: WALL MOUNT | F42: 0 | G42: 150 | H42: =F42*G42 -> 0
B43: KITCHEN | D43: PENDANTS | F43: 0 | G43: 250 | H43: =F43*G43 -> 0
B44: GREAT ROOM | D44: CEILING FAN | F44: 0 | G44: 400 | H44: =F44*G44 -> 0
B45: LAUNDRY ROOM | D45: FLUSH MOUNT - by elect. | F45: 0 | G45: 0 | H45: =F45*G45 -> 0
B46: PRIMARY BEDROOM | D46: CEILING FAN | F46: 0 | G46: 250 | H46: =F46*G46 -> 0
B47: PRIMARY BATHROOM | D47: WALL MOUNT | F47: 0 | G47: 150 | H47: =F47*G47 -> 0
B48: PRIMARY WARDROBE | D48: FLUSH MOUNT - by elect. | F48: 0 | G48: 0 | H48: =F48*G48 -> 0
B49: GUEST BEDROOM | D49: CEILING FAN | F49: 0 | G49: 250 | H49: =F49*G49 -> 0
B50: GUEST BATHROOM VANITY | D50: WALL MOUNT | F50: 0 | G50: 150 | H50: =F50*G50 -> 0
B51: SERVICE ENTRY | D51: FLUSH MOUNT - by elect. | F51: 0 | G51: 0 | H51: =F51*G51 -> 0
B52: GARAGE | D52: LED - by elect. | F52: 0 | G52: 0 | H52: =F52*G52 -> 0
B54: Upper Level
B55: BEDROOM | D55: CEILING FAN | F55: 0 | G55: 225 | H55: =F55*G55 -> 0
B56: BEDROOM | D56: FLUSH MOUNT - by elect. | F56: 0 | G56: 0 | H56: =F56*G56 -> 0
B57: WARDROBE | D57: FLUSH MOUNT - by elect. | F57: 0 | G57: 0 | H57: =F57*G57 -> 0
B58: BATHROOM VANITY | D58: WALL MOUNT | F58: 0 | G58: 125 | H58: =F58*G58 -> 0
B60: Lower Level
B61: BATHROOM VANITY | D61: WALL MOUNT | F61: 0 | G61: 125 | H61: =F61*G61 -> 0
B62: BEDROOM | D62: CEILING FAN | F62: 0 | G62: 225 | H62: =F62*G62 -> 0
B63: BEDROOM | D63: FLUSH MOUNT - by elect. | F63: 0 | G63: 0 | H63: =F63*G63 -> 0
B64: WARDROBE | D64: FLUSH MOUNT - by elect. | F64: 0 | G64: 0 | H64: =F64*G64 -> 0
B65: FITNESS ROOM | D65: CEILING FAN | F65: 0 | G65: 225 | H65: =F65*G65 -> 0
B66: FITNESS WARDROBE | D66: FLUSH MOUNT - by elect. | F66: 0 | G66: 0 | H66: =F66*G66 -> 0
B67: MECHANICAL/STORAGE | D67: LED - by elect. | F67: 0 | G67: 0 | H67: =F67*G67 -> 0
B69: EXTERIOR LIGHTING
B70: FRONT ENTRY | D70: WALL MOUNT | F70: 0 | G70: 550 | H70: =F70*G70 -> 0
B71: GARAGE DOOR PIERS | D71: WALL MOUNT | F71: 0 | G71: 300 | H71: =F71*G71 -> 0
B72: COVERED PATIO | D72: CEILING FAN | F72: 0 | G72: 400 | H72: =F72*G72 -> 0
B73: COVERED PATIO | D73: WALL MOUNT | F73: 0 | G73: 400 | H73: =F73*G73 -> 0
B74: LOWER PATIO | D74: WALL MOUNT | F74: 0 | G74: 400 | H74: =F74*G74 -> 0
B75: FLOODS | D75: WALL MOUNT - by elect. | F75: 0 | G75: 0 | H75: =F75*G75 -> 0
G76: SUBTOTAL | H76: =SUM(H40:H75) -> 0
G77: FREIGHT | H77: 0
G78: 7% TAX | H78: =(H76+H77)*0.07 -> 0
G79: TOTAL (INCLUDING BULBS) | H79: =SUM(H76:H78) -> 0
A81: 26.57 | B81: Lighting Control System Allowance
E83: Company | F83: Company | G83: Company | H83: Company
A84: Base Bid | E84: 0 | F84: 0 | G84: 0 | H84: 0
A85: 1
A86: 2
A87: 3
A88: 4
A89: 5
A90: 6
A91: 7
A92: 8
A93: 9
A94: 10
D95: TOTAL | E95: =SUM(E84:E94) -> 0 | F95: =SUM(F84:F94) -> 0 | G95: =SUM(G84:G94) -> 0 | H95: =SUM(H84:H94) -> 0
A97: 27.000 | B97: COMMUNICATIONS
A99: 27.41 | B99: Audio-Visual Systems/Structured Wire/Sound System Allowance
E101: Company | F101: Company | G101: Company | H101: Company
A102: Base Bid | E102: 0 | F102: 0 | G102: 0 | H102: 0
A103: 1
A104: 2
A105: 3
A106: 4
A107: 5
A108: 6
A109: 7
A110: 8
A111: 9
A112: 10
D113: TOTAL | E113: =SUM(E102:E112) -> 0 | F113: =SUM(F102:F112) -> 0 | G113: =SUM(G102:G112) -> 0 | H113: =SUM(H102:H112) -> 0
A115: 28.000 | B115: ELECTRONIC SAFETY & SECURITY
...

Sheet DIV 31-32 EARTH-SITE
A1: 31.000 | B1: EARTHWORK
A3: 31.218 | B3: Site Demolition
E5: Company | F5: Company | G5: Company | H5: Company
A6: Base Bid | E6: 0 | F6: 0 | G6: 0 | H6: 0
A7: 1
A8: 2
A9: 3
A10: 4
A11: 5
A12: 6
A13: 7
A14: 8
A15: 9
A16: 10
D17: TOTAL | E17: =SUM(E6:E16) -> 0 | F17: =SUM(F6:F16) -> 0 | G17: =SUM(G6:G16) -> 0 | H17: =SUM(H6:H16) -> 0
A19: 31.23 | B19: Excavation/Fill/Grading/Silt Fence
E21: Company | F21: Company | G21: Company | H21: Company
A22: Base Bid | E22: 0 | F22: 0 | G22: 0 | H22: 0
A23: 1
A24: 2
A25: 3
A26: 4
A27: 5
A28: 6
A29: 7
A30: 8
A31: 9
A32: 10
D33: TOTAL | E33: =SUM(E22:E32) -> 0 | F33: =SUM(F22:F32) -> 0 | G33: =SUM(G22:G32) -> 0 | H33: =SUM(H22:H32) -> 0
A35: 31.26 | B35: Surveying
E37: Company | F37: Company | G37: Company | H37: Company
A38: Base Bid | E38: 0 | F38: 0 | G38: 0 | H38: 0
A39: 1
A40: 2
A41: 3
A42: 4
A43: 5
A44: 6
A45: 7
A46: 8
A47: 9
A48: 10
D49: TOTAL | E49: =SUM(E38:E48) -> 0 | F49: =SUM(F38:F48) -> 0 | G49: =SUM(G38:G48) -> 0 | H49: =SUM(H38:H48) -> 0
A51: 32.000 | B51: EXTERIOR IMPROVEMENTS
A53: 32.13 | B53: Exterior Concrete Flatwork
E55: Company | F55: Company | G55: Company | H55: Company
A56: Base Bid | E56: 0 | F56: 0 | G56: 0 | H56: 0
A57: 1
A58: 2
A59: 3
A60: 4
A61: 5
A62: 6
A63: 7
A64: 8
A65: 9
A66: 10
D67: TOTAL | E67: =SUM(E56:E66) -> 0 | F67: =SUM(F56:F66) -> 0 | G67: =SUM(G56:G66) -> 0 | H67: =SUM(H56:H66) -> 0
A69: Unit Rate Estimate
A70: Driveway | C70: 1758 | D70: SF
A71: Front Stoop | C71: 52 | D71: SF
A72: Front Walk | C72: 217 | D72: SF
A73: City Sidewalks | C73: =1531+116 -> 1647 | D73: SF
A74: AC and Pool Equip Pads | C74: =79+28 -> 107 | D74: SF
A75: Pool Deck | C75: =1047+239 -> 1286 | D75: SF
A76: Rear Patio | C76: 1151 | D76: SF
C77: =SUM(C70:C76) -> 6218 | D77: SF
A79: MATERIAL
A80: sleeve materials (pvc for under slabs) | D80: 3 | E80: 75 | F80: EA | G80: =D80*E80 -> 225
A81: Granular (SF x .25ft x 1.25 / 18 = X tons) | D81: =(C77*0.25*1.25)/18 -> 107.95139 | E81: 16 | F81: TON | G81: =D81*E81 -> 1727.2222
A82: Additive (Xypex for water impermeable) | D82: 0 | E82: 131.85 | F82: BOX | G82: =D82*E82 -> 0
A83: expansion joints at walls | D83: =182/50 -> 3.64 | E83: 150 | F83: EA | G83: =D83*E83 -> 546
A85: SUBCONTRACTOR
A86: Driveway (5" with rebar) | D86: 1758 | E86: 7 | F86: SF | G86: =D86*E86 -> 12306
A87: Driveway Curb | D87: 0 | E87: 0 | F87: LF | G87: =D87*E87 -> 0
A88: Street Curb Cut | D88: =36*2 -> 72 | E88: 25 | F88: SF | G88: =D88*E88 -> 1800
A89: Front Walks (4") | D89: 217 | E89: 6.5 | F89: SF | G89: =D89*E89 -> 1410.5
A90: City Sidewalks (4") | D90: 1647 | E90: 6.5 | F90: SF | G90: =D90*E90 -> 10705.5
A91: Front Stoop | D91: 1 | E91: 800 | F91: EA | G91: =D91*E91 -> 800
A92: Concrete Steps | D92: =6*13+5*8 -> 118 | E92: 40 | F92: LF | G92: =D92*E92 -> 4720
A93: AC Pads (4") | D93: 107 | E93: 6.5 | F93: SF | G93: =D93*E93 -> 695.5
A94: Rear Patio (4") | D94: 1151 | E94: 6.5 | F94: SF | G94: =D94*E94 -> 7481.5
A95: Pool Deck (4") | D95: 1286 | E95: 6.5 | F95: SF | G95: =D95*E95 -> 8359
A96: Trench Drain | D96: 0 | E96: 0 | F96: LF | G96: =D96*E96 -> 0
A97: Paver inset areas | D97: 0 | E97: 0 | F97: LF | G97: =D97*E97 -> 0
A98: Additional Concrete Material for 5" thick | D98: 0 | E98: 82.5 | F98: CY | G98: =D98*E98 -> 0
A99: Pump Charge for elevated balconies | D99: 2 | E99: 1500 | F99: EA | G99: =D99*E99 -> 3000
A100: Grading | D100: 6500 | E100: 0.4 | F100: SF | G100: =D100*E100 -> 2600
A101: Cure & Seal | D101: 6500 | E101: 0.05 | F101: SF | G101: =D101*E101 -> 325
A102: Sealer (Application of Stifle) | D102: 0 | E102: 0.45 | F102: SF | G102: =D102*E102 -> 0
F103: TOTAL | G103: =SUM(G80:G102) -> 56701.222
A105: 32.142 | B105: Pavers Allowance
E107: Company | F107: Company | G107: Company | H107: Company
A108: Base Bid | E108: 0 | F108: 0 | G108: 0 | H108: 0
A109: 1
A110: 2
A111: 3
A112: 4
A113: 5
A114: 6
...

Sheet DIV 33 UTILITES
A1: 33.000 | B1: UTILITIES
A3: 33.02 | B3: Sewer / Water Utilities
E5: Company | F5: Company | G5: Company | H5: Company
A6: Base Bid | E6: 0 | F6: 0 | G6: 0 | H6: 0
A7: 1
A8: 2
A9: 3
A10: 4
A11: 5
A12: 6
A13: 7
A14: 8
A15: 9
A16: 10
D17: TOTAL | E17: =SUM(E6:E16) -> 0 | F17: =SUM(F6:F16) -> 0 | G17: =SUM(G6:G16) -> 0 | H17: =SUM(H6:H16) -> 0
A19: 33.462 | B19: Underground Buried Drainage
E21: Company | F21: Company | G21: Company | H21: Company
A22: Base Bid | E22: 0 | F22: 0 | G22: 0 | H22: 0
A23: 1
A24: 2
A25: 3
A26: 4
A27: 5
A28: 6
A29: 7
A30: 8
A31: 9
A32: 10
D33: TOTAL | E33: =SUM(E22:E32) -> 0 | F33: =SUM(F22:F32) -> 0 | G33: =SUM(G22:G32) -> 0 | H33: =SUM(H22:H32) -> 0
